 Dungeon Crawl Stone Soup version 0.22-a0-354-g30dfbe6 (webtiles) character file.

1252410 4thArraOfDagon the Sorcerer (level 27, 0/235 HPs)
             Began as an Octopode Fire Elementalist on Apr 13, 2018.
             Was the Champion of Vehumet.
             Slain by a neqoxec (4 damage)
             ... on level 25 of a ziggurat on Apr 16, 2018.
             The game lasted 05:28:45 (35128 turns).

4thArraOfDagon the Sorcerer (OpFE)                 Turns: 35128, Time: 05:28:46

Health: 0/235      AC:  3    Str: 12    XL:     27
Magic:  56/80      EV:  2    Int: 57    God:    Vehumet [******]
Gold:   4240       SH:  0    Dex: 19    Spells: 0/78 levels left

rFire    + + .     SeeInvis .   r - +9 staff of Wucad Mu {channel}
rCold    + + .     Gourm    .   t - +2 shield of Resistance {rF+ rC+ MR+}
rNeg     + + +     Faith    .   U - +2 hat {Int+3}
rPois    ∞         Spirit   .   E - amulet of Vitality {Regen+ HP+15}
rElec    .         Reflect  .   z - ring of Ephemeral Luck {rF+ EV+4 Int+4}
rCorr    .         Harm     .   G - ring of magical power
MR       ++++.                  F - ring of magical power
Stlth    +++++++++.             R - ring of magical power
HPRegen  0.89/turn              X - ring "Foxyl" {Wiz Dex+5}
MPRegen  0.47/turn              N - ring of Gaud {+Fly MR+ Str+3 Int+6 Slay-4}
                                l - +6 ring of intelligence
                                w - ring "Faetia" {rPois rC+ Str+2 Int+4}

@: brilliant, petrified, weakened, sap magic, death's door cooldown, very magic
sapped
A: almost no armour, stealthy swim, amphibious, 8 rings, constrict 8, tentacle
spike 1, camouflage 1, blink, poison resistance, wild magic 1, gelatinous body 1
}: 5/15 runes: decaying, slimy, silver, golden, gossamer
a: Blink, Renounce Religion, Evoke Flight


You were on level 25 of a ziggurat.
You worshipped Vehumet.
Vehumet was exalted by your worship.
You were very full.

You visited 12 branches of the dungeon, and saw 56 of its levels.
You visited the Abyss 1 time.
You visited 1 bazaar.
You visited 3 ziggurats (completing 2), and saw 79 of their levels.
You also visited: Labyrinth and Ice Cave.

You collected 5108 gold pieces.
You spent 868 gold pieces at shops.

Inventory:

Hand Weapons
 i - the +7 lajatang of Order {silver, rMut}
   (You found it on level 9 of a ziggurat)

   It protects you from mutation.
 j - the +10 dark maul {crush}
   (You found it on level 11 of a ziggurat)

   It inflicts extra damage upon your enemies.
 r - the +9 staff of Wucad Mu (weapon) {channel}
   (You found it on level 3 of the Tomb of the Ancients)
 C - the cursed +14 obsidian axe {chop, +Fly SInv *Curse}
   (You found it on level 17 of a ziggurat)

   It inflicts extra damage upon your enemies.
   It lets you see invisible.
   It lets you fly.
   It curses itself when equipped.
   It has a curse placed upon it.
Missiles
 s - 3 throwing nets (quivered)
Armour
 t - the +2 shield of Resistance (worn) {rF+ rC+ MR+}
   (You found it on level 12 of a ziggurat)

   It protects you from fire.
   It protects you from cold.
   It affects your resistance to hostile enchantments.
 U - a +2 hat of intelligence (worn)
Magical Staves
 f - an uncursed staff of energy {!a}
 O - an uncursed staff of power {!a}
Jewellery
 l - a +6 ring of intelligence (on tentacle)
 w - the ring "Faetia" (on tentacle) {rPois rC+ Str+2 Int+4}
   (You found it on level 15 of a ziggurat)

   [ring of protection from cold]

   It affects your strength (+2).
   It affects your intelligence (+4).
   It protects you from cold.
   It protects you from poison.
 z - the ring of Ephemeral Luck (left tentacle) {rF+ EV+4 Int+4}
   (You found it on level 25 of a ziggurat)

   [ring of evasion]

   It affects your evasion (+4).
   It affects your intelligence (+4).
   It protects you from fire.
 E - the amulet of Vitality (around mantle) {Regen+ HP+15}
   (You found it on level 24 of a ziggurat)

   [amulet of regeneration]

   It affects your health (+15).
   It increases your rate of regeneration.
 F - a ring of magical power (on tentacle)
 G - a ring of magical power (right tentacle)
 N - the ring of Gaud (on tentacle) {+Fly MR+ Str+3 Int+6 Slay-4}
   (You found it on level 11 of a ziggurat)

   [ring of protection from magic]

   It affects your strength (+3).
   It affects your intelligence (+6).
   It affects your accuracy and damage with ranged weapons and melee attacks
   (-4).
   It affects your resistance to hostile enchantments.
   It lets you fly.
 Q - the amulet "Ytoakla" {Inacc rC+ MP+9 Dex+4}
   (You found it on level 18 of a ziggurat)

   [amulet of inaccuracy]

   It reduces the accuracy of all your attacks.
   It affects your dexterity (+4).
   It protects you from cold.
   It affects your magic capacity (+9).
 R - a ring of magical power (on tentacle)
 W - an uncursed ring of magical power
 X - the ring "Foxyl" (on tentacle) {Wiz Dex+5}
   (You found it on level 24 of a ziggurat)

   [ring of wizardry]

   It improves your spell success rate.
   It affects your dexterity (+5).
Wands
 m - a wand of iceblast (42)
 B - a wand of digging (33)
 S - a wand of acid (26)
Scrolls
 c - 13 scrolls of amnesia
 e - 17 scrolls of blinking
 h - 73 scrolls of teleportation
 k - 21 scrolls of magic mapping
 o - 7 scrolls of holy word
 A - 16 scrolls of remove curse
 I - 6 scrolls of torment
 J - 3 scrolls of fear
 T - 4 scrolls of immolation
 V - 39 scrolls of fog
 Y - 14 scrolls of identify
Potions
 a - 4 potions of cancellation
 d - 3 potions of ambrosia
 g - 9 potions of might
 n - 18 potions of haste
 q - 14 potions of heal wounds
 u - 6 potions of flight
 v - 18 potions of curing
 x - 2 potions of resistance
 y - a potion of agility
 D - 8 potions of invisibility
 H - 4 potions of magic
 L - 8 potions of brilliance
 P - 54 potions of mutation
Miscellaneous
 p - a +2 figurine of a ziggurat
 K - a lamp of fire
 M - 24 phantom mirrors
 Z - 9 boxes of beasts
Comestibles
 b - 56 rations


   Skills:
 - Level 26.0 Fighting
 - Level 26.0 Dodging
 - Level 26.0 Stealth
 - Level 26.0 Shields
 - Level 26.0 Spellcasting
 - Level 20.0 Conjurations
 - Level 10.1 Charms
 + Level 23.1 Necromancy
 - Level 14.9 Translocations
 - Level 14.5 Transmutations
 - Level 20.2 Fire Magic
 + Level 24.1 Ice Magic
 - Level 16.0 Earth Magic
   Level 25.0 Invocations
 - Level 26.0 Evocations


You couldn't memorise any spells.
You knew the following spells:

 Your Spells              Type           Power        Failure   Level  Hunger
a - Fire Storm            Conj/Fire      #########.   4%          9    None
b - Statue Form           Tmut/Erth      #########    1%          6    None
c - Controlled Blink      Tloc           N/A          4%          8    None
d - Shatter               Erth           #########.   10%         9    None
e - Orb of Destruction    Conj           #########.   1%          7    None
f - Regeneration          Chrm/Necr      #########.   1%          3    None
g - Apportation           Tloc           ######       1%          1    None
h - Death's Door          Chrm/Necr      #########.   3%          8    None
i - Glaciate              Conj/Ice       #########.   4%          9    None
j - Necromutation         Tmut/Necr      #########.   2%          8    None
k - Sublimation of Blood  Necr           #########.   1%          2    None
l - Ignition              Fire           #########.   2%          8    None


Dungeon Overview and Level Annotations

Branches:
Dungeon (15/15)            Temple (1/1) D:5            Lair (6/6) D:8
  Swamp (4/4) Lair:2       Spider (4/4) Lair:4        Slime (5/5) Lair:5
    Orc (2/2) D:9             Elf (3/3) Orc:2        Vaults (5/5) D:14
  Crypt (3/3) Vaults:3       Tomb (3/3) Crypt:3      Depths (5/5) D:15
    Zot (0/5) Depths:5

Altars:
Ashenzari
Cheibriados
Dithmenos
Fedhas
Gozag
Hepliaklqana
Kikubaaqudgha
Makhleb
Nemelex Xobeh
Okawaru
Ru
Trog
Uskayaw
Vehumet
Xom

Shops:
D:14 %   Orc:2 [*%:*   Elf:3 [   Vaults:4 }

Portals:
Hell: Depths:2 Depths:3 Depths:4 Depths:5
Abyss: Depths:3
Pandemonium: Depths:1

Annotations:
D:6 exclusion: cyclops
D:14 Rupert
Elf:1 Nikola
Elf:2 3 runed doors
Depths:2 1 transporter


Innate Abilities, Weirdness & Mutations

You cannot wear most types of armour.
You are very stealthy in the water. (Stealth+)
You are amphibious.
You can wear up to eight rings at the same time.
You can use your tentacles to constrict eight enemies at once.
Your skin changes colour to match your surroundings (Stealth+).
Your rubbery body absorbs attacks. (AC +1, EV +1)
One of your tentacles bears a spike.
You can translocate small distances at will.
Your system is resistant to poisons. (rPois)
Your spells are a little harder to cast, but a little more powerful.


Message History

The blizzard demon hits you!!
You feel your power leaking away. The neqoxec completely misses you.
The gelid black sun calls down the wrath of Kikubaaqudgha upon you.
The bolt of negative energy hits you! You resist.
The soul eater hits you but does no damage.
The blizzard demon gestures at you.
Helpless, you fail to dodge the freezing blast.
You resist.
The iron imp is engulfed in freezing vapours.
You are engulfed in freezing vapours.
You resist.
Your life is in your own hands again!
The sixfirhy no longer looks unusually strong.
The quasit is engulfed in freezing vapours.
The gelid black sun hits you with a long sword!!
* * * LOW HITPOINT WARNING * * *
You feel as though you will be weak longer.
The neqoxec is engulfed in freezing vapours.
The neqoxec hits you!
You die...

... ....
▓▓▓▓▓▓▓▓▓▓▓▓▓§...
▓§6)..)..§........
▓@353..)§.......3§
▓325.).[))....3...
▓5§§...).)......#.
▓....).)[....v.6..
▓.......)..v......
▓......)).......2.
▓∩.......[........
▓.................
▓.................


You could see a gelid black sun, a blizzard demon, a soul eater, a sixfirhy
(petrified), a neqoxec, an iron imp and 2 quasits.

Vanquished Creatures
  the Royal Jelly (Slime:5)
  18 ancient liches
  5 orbs of fire (Zig:18)
  Mara (Swamp:4)
  21 pandemonium lords
  25 juggernauts
  39 greater mummies
  Margery (Crypt:3)
  6 shard shrikes
  Frederick (Depths:4)
  12 Killer Klowns
  2 caustic shrikes (Depths:4)
  8 profane servitors
  Jory (Crypt:2)
  29 golden dragons
  19 bone dragons
  Arachne (Spider:2)
  2 pearl dragons (Zig:7)
  13 Tzitzimimeh
  13 Brimstone Fiends
  20 liches
  19 iron giants
  18 Hell Sentinels
  15 Ice Fiends
  Asterion (Vaults:3)
  9 tentacled monstrosities
  17 quicksilver dragons
  25 deep elf blademasters
  29 deep elf master archers
  25 titans
  9 tentacled starspawn
  77 acid blobs
  6 sphinxes
  18 Executioners
  A sphinx (shapeshifter) (Zig:9)
  Donald (Elf:3)
  Agnes (Elf:1)
  33 ancient champions
  28 shadow dragons
  2 shadow dragons (shapeshifter)
  6 thorn hunters
  22 storm dragons
  32 revenants
  28 azure jellies
  12 tengu reavers
  40 nagarajas
  Roxanne (Spider:2)
  2 fire giants (shapeshifter) (Zig:9)
  A frost giant (shapeshifter) (Zig:13)
  28 frost giants
  27 fire giants
  10 cacodemons
  31 ghost moths
  12 draconian monks
  A daeva (Zig:7)
  20 warmongers
  15 draconian knights
  7 deep elf sorcerers
  21 iron dragons
  26 orc warlords
  20 vault wardens
  3 juggernaut zombies
  2 angels (Zig:7)
  12 draconian scorchers
  9 ghouls
  The ghost of p0werm0de the Severer, a journeyman DDFi of Makhleb (Spider:2)
  17 balrugs
  Louise (Elf:1)
  30 curse skulls
  4 caustic shrike zombies
  17 draconian stormcallers
  6 deep elf elementalists
  10 draconian shifters
  26 emperor scorpions
  19 ironheart preservers
  8 draconian annihilators
  33 very ugly things
  Aizul (Depths:1)
  33 reapers
  6 caustic shrike skeletons
  4 spriggan defenders
  24 blood saints
  9 green draconians
  2 ophanim (Zig:7)
  50 stone giants
  3 war gargoyles
  3 juggernaut skeletons
  27 entropy weavers
  3 apis (Zig:7)
  13 black suns
  29 corrupters
  10 bennus
  25 vampire knights
  2 minotaurs
  9 black draconians
  31 deep elf demonologists
  8 lorocyprocas
  A dire elephant (shapeshifter) (Zig:9)
  A dire elephant (Lair:6)
  10 red draconians
  34 deep elf annihilators
  10 purple draconians
  12 spark wasps
  9 white draconians
  10 yellow draconians
  39 eidola
  15 deep elf death magi
  42 blizzard demons
  17 green deaths
  3 crystal guardians (Zig:11)
  23 ettins
  13 death oozes
  5 merfolk javelineers (Zig:12)
  2 quicksilver dragon zombies
  8 jiangshi
  39 mummy priests
  22 fire dragons
  20 yaktaur captains
  35 deep elf high priests
  3 merfolk impalers (Zig:12)
  Josephine (D:15)
  26 great orbs of eyes
  11 naga warriors
  46 hydras
  3 ghost crabs
  34 vault guards
  39 ice dragons
  2 catoblepae
  11 hell beasts
  9 anacondas
  11 rakshasas
  7 death knights
  2 spriggan air magi
  An alligator snapping turtle (shapeshifter) (Zig:13)
  12 centaur warriors
  8 merfolk aquamancers (Zig:12)
  47 two-headed ogres
  68 dancing weapons
  An alligator snapping turtle (Zig:12)
  12 death scarabs
  2 tengu warriors
  20 alligators
  2 hell hogs (Zig:27)
  3 anacondas (shapeshifter)
  29 vampire magi
  A satyr (Zig:12)
  A queen ant (shapeshifter) (Zig:13)
  14 ogre magi
  4 deep troll shamans
  4 hell knights
  7 death yaks
  2 titan zombies
  6 deep troll earth magi
  9 thrashing horrors
  5 spriggan berserkers
  13 naga sharpshooters
  37 orc high priests
  8 spriggans
  4 sun demons
  12 shock serpents
  4 storm dragon zombies
  9 soul eaters
  2 iron golems (Zig:11)
  50 deep elf knights
  2 titan skeletons
  24 shadow wraiths
  13 iron trolls
  2 storm dragon skeletons
  8 fire crabs
  2 salamander mystics
  23 skeletal warriors
  13 wretched stars
  2 spectral emperor scorpions (Spider:4)
  2 spark wasp zombies
  2 iron trolls (shapeshifter) (Zig:14)
  3 spatial maelstroms
  24 deep trolls
  A spectral minotaur (Depths:3)
  8 sixfirhies
  A gelid demonspawn (Zig:22)
  2 sea snakes (Zig:12)
  3 spriggan druids
  4 cherubim
  19 death drakes
  40 swamp dragons
  4 golden dragon zombies
  2 fire crabs (shapeshifter)
  A glowing orange brain (shapeshifter) (Zig:20)
  27 flayed ghosts
  6 unseen horrors
  11 glowing orange brains
  4 shambling mangroves
  10 shadow demons
  2 sea snakes (shapeshifter)
  47 deep elf archers
  A wizard (Depths:1)
  6 golden dragon skeletons
  An infernal demonspawn (Zig:25)
  A torturous demonspawn (Zig:25)
  A lindwurm (shapeshifter) (Zig:9)
  25 orc knights
  2 orange crystal statues (Depths:3)
  10 naga ritualists
  75 starcursed masses
  20 phantasmal warriors
  21 ironbrand convokers
  3 spectral wolf spiders (Spider:4)
  5 tengu zombies
  Pikel (D:8)
  2 shadow dragon zombies
  5 harpies (Vaults:2)
  5 necromancers
  3 iron dragon zombies
  43 orb spiders
  4 fauns (Zig:12)
  3 harpies (shapeshifter)
  The ghost of budo the Nimble, a novice FeBe of Trog (D:10)
  14 mana vipers
  8 sphinx zombies
  3 wolf spider zombies (Spider:4)
  45 ugly things
  20 orc sorcerers
  2 frost giant zombies
  3 oklob plants (Zig:20)
  21 shining eyes
  2 mana vipers (shapeshifter)
  121 deep elf magi
  A stone giant zombie (Depths:2)
  50 wolf spiders
  5 sphinx skeletons
  3 moths of wrath (shapeshifter)
  7 salamanders
  2 fauns (shapeshifter)
  A cyclops (shapeshifter) (Zig:9)
  A fire giant skeleton (Zig:6)
  2 shadow dragon skeletons
  22 cyclopes
  4 iron dragon skeletons
  6 manticores
  3 worldbinders
  A frost giant skeleton (Zig:10)
  3 water nymphs (Zig:12)
  An elephant (shapeshifter) (Zig:20)
  7 elephants
  41 moths of wrath
  30 black mambas
  Joseph (D:8)
  19 vault sentinels
  2 merfolk sirens (Zig:12)
  A rust devil (Zig:22)
  10 elf zombies
  A water nymph (shapeshifter) (Zig:11)
  3 gargoyles (Zig:11)
  13 apocalypse crabs
  3 eyes of devastation (shapeshifter)
  21 naga magi
  2 black mambas (shapeshifter)
  A titan simulacrum (Zig:23)
  7 guardian serpents
  14 smoke demons
  7 eyes of devastation
  A spriggan zombie (Zig:22)
  A molten gargoyle (Depths:4)
  18 spiny frogs
  2 stone giant skeletons
  2 ice statues (IceCv)
  2 torpor snails (shapeshifter)
  19 torpor snails
  2 spiny frogs (shapeshifter)
  Psyche (D:8)
  8 orange demons
  11 efreet
  13 hellions
  2 rime drakes (shapeshifter)
  A yellow draconian zombie (Crypt:3)
  54 yaktaurs
  20 freezing wraiths
  13 rime drakes
  A spectral merfolk (Depths:3)
  16 tormentors
  An anaconda simulacrum (Depths:3)
  5 spectral redbacks (Spider:4)
  34 demonic crawlers
  5 komodo dragons
  A golden dragon simulacrum (Zig:24)
  A yaktaur (shapeshifter) (Zig:20)
  12 ice devils
  8 hellwings
  3 kobold demonologists
  13 ancient zymes
  A komodo dragon (shapeshifter) (Zig:27)
  6 red devils
  3 tengu conjurers (Depths:2)
  2 spriggan skeletons
  63 jumping spiders
  12 merfolk
  6 wind drakes
  2 polar bears (Lair:6)
  10 elf skeletons
  2 silent spectres
  2 tengu simulacra
  A polar bear (shapeshifter) (Zig:3)
  58 guardian mummies
  2 queen bees
  12 trolls
  38 hornets
  A hornet (shapeshifter) (Depths:2)
  A spectral jumping spider (Spider:4)
  9 tyrant leeches
  3 jumping spider zombies (Spider:4)
  17 bog bodies
  4 spectral tarantellas (Spider:4)
  2 wind drakes (shapeshifter)
  2 hippogriffs (shapeshifter)
  5 meliai
  2 tarantella zombies (Spider:4)
  144 slime creatures
  A blink frog (shapeshifter) (Zig:13)
  A harpy skeleton (D:15)
  A slime creature (shapeshifter) (Vaults:5)
  An alligator zombie (Tomb:3)
  10 hippogriffs
  3 snapping turtles (Zig:12)
  18 blink frogs
  A snapping turtle (shapeshifter) (Zig:10)
  An ice dragon zombie (Tomb:1)
  20 raiju
  46 large abominations
  6 dream sheep (Lair:4)
  A fire giant simulacrum (Vaults:3)
  The ghost of 4thArraOfDagon the Firebug, an amateur OpFE of Elyvilon (D:3)
  27 flying skulls
  5 shadows
  An ettin skeleton (Vaults:4)
  An ice dragon skeleton (Zig:2)
  108 redbacks
  4 vampires
  3 redbacks (shapeshifter)
  21 yaks
  7 air elementals
  A black mamba skeleton (Tomb:3)
  81 tarantellas
  18 fire elementals
  3 basilisks
  13 water elementals
  39 ushabtiu
  12 ynoxinuls
  A fire bat (Zig:23)
  13 hungry ghosts
  27 wraiths
  14 golden eyes
  16 small abominations
  12 neqoxecs
  31 vampire mosquitoes
  21 chaos spawn
  12 steam dragons
  5 wyverns (Zig:24)
  A fire bat (shapeshifter) (Zig:20)
  11 swamp worms
  18 insubstantial wisps
  2 soldier ants
  19 wargs
  A hydra simulacrum (Depths:3)
  11 nagas
  19 hell hounds
  A swamp worm (shapeshifter) (Zig:11)
  A spectral snapping turtle (Crypt:3)
  15 acid dragons
  A human zombie (Zig:12)
  A spectral hornet (Spider:4)
  7 water moccasins
  3 floating eyes
  3 spectral spriggans (Depths:3)
  2 floating eyes (shapeshifter)
  A porcupine (shapeshifter) (Vaults:5)
  76 orc warriors
  5 porcupines
  A spectral troll (Depths:3)
  21 ice beasts
  A phantom (D:7)
  36 swamp drakes
  2 hornet zombies
  A tengu (shapeshifter) (Vaults:2)
  5 black bears
  11 sky beasts
  A black bear (shapeshifter) (Vaults:5)
  15 wolves
  22 eyes of draining
  A blink frog zombie (Crypt:3)
  2 necrophages
  46 ogres
  6 boggarts
  11 centaurs
  A centaur (shapeshifter) (Vaults:5)
  An elephant skeleton (Crypt:2)
  A swamp dragon skeleton (Tomb:2)
  7 crocodiles
  2 big kobolds
  A big kobold (shapeshifter) (Depths:2)
  Blork the orc (D:6)
  16 bullfrogs
  A human simulacrum (Depths:2)
  14 earth elementals
  A gnoll sergeant (Zig:19)
  An ogre simulacrum (Vaults:1)
  A merfolk simulacrum (Depths:3)
  A wyvern skeleton (D:13)
  5 scorpions
  A spectral ogre (Depths:3)
  48 killer bees
  18 wights
  A spectral naga (Depths:3)
  An electric eel (Lair:2)
  2 howler monkeys
  A spectral centaur (Depths:3)
  9 crimson imps
  3 bullfrog zombies
  A quasit (Abyss:3)
  3 centaur zombies
  2 jellies
  7 hounds
  35 orc priests
  A gnoll shaman (D:6)
  An iron imp (Abyss:3)
  19 orc wizards
  5 centaur skeletons
  7 iguanas
  4 bullfrog skeletons
  A hell rat (Lair:3)
  Ijyb (D:3)
  A lightning spire (Zig:16)
  7 worker ants
  A worker ant (shapeshifter) (Zig:27)
  A killer bee zombie (D:8)
  A felid skeleton (Crypt:3)
  A hound zombie (D:7)
  72 mummies
  3 worker ant zombies
  Robin (D:3)
  4 gnolls
  17 adders
  4 river rats (Lair:3)
  A shadow imp (D:7)
  17 white imps
  An ufetubus (Abyss:3)
  An adder zombie (D:5)
  4 adder skeletons
  A halfling skeleton (Crypt:3)
  A worm (D:2)
  3 dart slugs
  3 leopard geckos
  71 orcs
  6 giant cockroaches
  21 goblins
  9 hobgoblins
  9 jackals
  4 quokkas
  2 ball pythons
  11 bats
  4 frilled lizards
  15 kobolds
  2 quokka skeletons
  14 rats
  65 blocks of ice
  3 briar patches (Swamp:4)
  11 crawling corpses (Zig:27)
  597 fire vortices
  9 fungi
  24 plants
  2 starspawn tentacles (Zig:27)
6396 creatures vanquished.

Vanquished Creatures (collateral kills)
  A juggernaut (Zig:26)
  5 greater mummies
  Sojobo (Depths:2)
  A shard shrike (Zig:19)
  An iron giant (Zig:26)
  A bone dragon (Zig:25)
  A Tzitzimitl (Zig:21)
  2 Ice Fiends
  An Executioner (Zig:14)
  9 acid blobs
  A titan (Zig:26)
  4 ancient champions
  A sphinx (Zig:20)
  2 tentacled starspawn
  A thorn hunter (Swamp:3)
  A storm dragon (Zig:24)
  A revenant (Zig:25)
  A fire giant (Zig:26)
  A nagaraja (Zig:16)
  2 azure jellies (Zig:21)
  A draconian knight (Zig:25)
  A frost giant (Zig:26)
  2 emperor scorpions
  3 draconian shifters
  A black sun (Zig:21)
  A draconian scorcher (Zig:25)
  A ghost moth (Zig:20)
  3 cacodemons
  2 draconian annihilators (Zig:25)
  2 draconian stormcallers
  A curse skull (Zig:25)
  A very ugly thing (Zig:27)
  A reaper (Zig:12)
  2 ironheart preservers (Zig:20)
  A juggernaut skeleton (Zig:22)
  3 entropy weavers
  2 stone giants (Zig:26)
  A black draconian (Depths:5)
  A vampire knight (Zig:22)
  A green draconian (Zig:25)
  2 white draconians (Zig:25)
  An eidolon (Zig:22)
  2 blizzard demons
  A red draconian (Zig:10)
  A green death (Zig:25)
  A fire dragon (Zig:24)
  3 great orbs of eyes
  A hell beast (Zig:21)
  An anaconda (Zig:16)
  A death scarab (Zig:24)
  A titan zombie (Zig:22)
  A storm dragon zombie (Zig:24)
  A skeletal warrior (Tomb:3)
  A shadow demon (Zig:21)
  A deep troll (Depths:3)
  A death drake (Zig:24)
  A wizard (Depths:2)
  A shadow dragon zombie (Zig:23)
  An orb spider (Zig:12)
  A mana viper (Zig:16)
  A tengu skeleton (Zig:12)
  A wolf spider (Spider:2)
  A sphinx skeleton (Zig:12)
  A shining eye (Zig:21)
  An iron dragon skeleton (Zig:24)
  An elephant (shapeshifter) (Zig:9)
  An apocalypse crab (Zig:23)
  A smoke demon (Zig:27)
  2 moths of wrath
  A torpor snail (Zig:20)
  A hellion (Zig:25)
  2 rime drakes (Zig:24)
  A freezing wraith (Zig:22)
  A demonic crawler (Zig:18)
  A polar bear (shapeshifter) (Zig:23)
  2 jumping spiders (Zig:18)
  A tengu conjurer (Depths:3)
  A wind drake (Zig:24)
  3 hornets
  8 slime creatures
  2 raiju (Zig:27)
  A slime creature (shapeshifter) (Zig:13)
  5 large abominations
  A water elemental (Depths:3)
  A flying skull (Zig:24)
  3 redbacks (Zig:18)
  A tarantella (Zig:20)
  A golden eye (Zig:27)
  A snapping turtle zombie (Depths:3)
  A swamp drake (Swamp:4)
  An ice beast (Zig:12)
  A small abomination (Zig:27)
  A scorpion (D:11)
  2 killer bees (D:11)
  A wight (Depths:3)
  6 starcursed masses
  A centaur zombie (D:11)
  9 mummies
  2 white imps (Zig:22)
  2 blocks of ice
  A starspawn tentacle (Zig:27)
169 creatures vanquished.

Vanquished Creatures (others)
  A very ugly thing (Zig:27)
  A deep elf annihilator (Zig:16)
  2 death scarabs (Tomb:2)
  A skeletal warrior (Tomb:2)
  A slime creature (Vaults:2)
  A stone giant skeleton (Tomb:2)
  A basilisk (shapeshifter) (Zig:20)
  3 slaves (D:8)
  A phantom (D:8)
  A small abomination (Zig:23)
  A tengu skeleton (Tomb:2)
  4 mummies (Tomb:2)
  A shadow imp (D:8)
  A goblin (D:3)
  77 blocks of ice
  A briar patch (Swamp:4)
  2172 fire vortices
  5 fungi
  7 plants
  7 starspawn tentacles (Zig:27)
2289 creatures vanquished.

Grand Total: 8854 creatures vanquished

Notes
Turn   | Place    | Note
-------+----------+-------------------------------------------
     0 | D:1      | 4thArraOfDagon the Octopode Fire Elementalist began the quest for the Orb.
     0 | D:1      | Reached XP level 1. HP: 11/11 MP: 3/3
    82 | D:1      | Reached XP level 2. HP: 11/17 MP: 0/5
   224 | D:2      | Reached XP level 3. HP: 16/21 MP: 1/6
   231 | D:2      | Learned a level 3 spell: Conjure Flame
   451 | D:4      | Found a blossoming altar of Fedhas.
   451 | D:4      | Found an ancient bone altar of Kikubaaqudgha.
   465 | D:4      | Reached XP level 4. HP: 23/27 MP: 2/7
   475 | D:4      | Learned a level 4 spell: Sticky Flame
   524 | D:5      | Entered Level 5 of the Dungeon
   582 | D:5      | Found a sparkling altar of Nemelex Xobeh.
   596 | D:5      | Noticed an ogre
   611 | D:5      | Reached XP level 5. HP: 25/31 MP: 7/9
   631 | D:5      | Killed an ogre
   712 | D:6      | Reached XP level 6. HP: 19/36 MP: 5/10
   764 | D:5      | Reached skill level 5 in Fire Magic
   783 | D:5      | Reached skill level 5 in Spellcasting
   783 | D:5      | Reached XP level 7. HP: 6/49 MP: 10/15
   797 | D:5      | Reached skill level 5 in Fighting
   797 | D:5      | Reached skill level 10 in Fire Magic
   797 | D:5      | Reached XP level 8. HP: 7/57 MP: 12/17
  1036 | D:5      | Learned a level 5 spell: Fireball
  1269 | D:5      | Found a staircase to the Ecumenical Temple.
  1278 | Temple   | Entered the Ecumenical Temple
  1286 | Temple   | Became a worshipper of Vehumet
  1338 | D:3      | Found a shimmering altar of Xom.
  1388 | D:3      | Noticed Ijyb
  1391 | D:3      | Killed Ijyb
  1416 | D:3      | Noticed 4thArraOfDagon's ghost (amateur OpFE)
  1429 | D:3      | Killed 4thArraOfDagon's ghost
  1429 | D:3      | Reached XP level 9. HP: 57/62 MP: 0/18
  1454 | D:3      | Noticed Robin
  1496 | D:3      | Reached * piety under Vehumet
  1496 | D:3      | Offered knowledge of Shock by Vehumet.
  1555 | D:3      | Killed Robin
  2016 | D:2      | Found a hazy altar of Hepliaklqana.
  2147 | D:2      | Found a hide-covered altar of Uskayaw.
  2151 | D:2      | Noticed a hand axe
  2152 | D:2      | Noticed a hand axe
  2546 | D:3      | Reached ** piety under Vehumet
  2622 | D:3      | Offered knowledge of Sting by Vehumet.
  3329 | D:4      | Found a shattered altar of Ashenzari.
  3751 | D:6      | Got a translucent hunting sling
  3937 | D:6      | Noticed Blork the orc
  3944 | D:6      | Killed Blork the orc
  3955 | D:6      | Reached skill level 10 in Conjurations
  4016 | D:6      | HP: 3/62 [centaur (5)]
  4240 | D:6      | Found an iron altar of Okawaru.
  4321 | D:6      | Noticed a cyclops
  4539 | D:7      | Offered knowledge of Ignite Poison by Vehumet.
  4545 | D:7      | Found a shadowy altar of Dithmenos.
  4604 | D:7      | Reached XP level 10. HP: 59/68 MP: 8/20
  4946 | D:7      | Reached *** piety under Vehumet
  4960 | D:7      | Reached skill level 1 in Shields
  4975 | D:7      | Found a bloodstained altar of Trog.
  5246 | D:7      | Identified the +1 hunting sling of Oblomi {flame, -Tele rElec rF+ rN+} (You found it on level 6 of the Dungeon)
  5351 | D:8      | Offered knowledge of Stone Arrow by Vehumet.
  5440 | D:8      | Noticed Pikel
  5474 | D:8      | Killed Pikel
  5487 | D:8      | Noticed Joseph
  5573 | D:9      | Found an opulent altar of Gozag.
  5820 | D:9      | Found a burning altar of Makhleb.
  5842 | D:9      | Reached **** piety under Vehumet
  5913 | D:9      | Offered knowledge of Olgreb's Toxic Radiance by Vehumet.
  5927 | D:9      | Noticed a centaur warrior
  5973 | D:9      | Killed a centaur warrior
  5973 | D:9      | Reached XP level 11. HP: 56/72 MP: 13/21
  6036 | D:9      | Noticed a cyclops
  6036 | D:9      | Noticed a seven-headed hydra
  6038 | D:9      | HP: 2/72 [cyclops/large rock (42)]
  6228 | D:9      | Killed a cyclops
  6267 | D:9      | Killed a seven-headed hydra
  6541 | D:9      | Found a staircase to the Orcish Mines.
  6649 | D:8      | Noticed a death yak
  6655 | D:8      | Killed a death yak
  6809 | D:8      | Noticed a death yak
  6833 | D:8      | Noticed a death yak
  6835 | D:8      | Killed a death yak
  6844 | D:8      | Killed a death yak
  6982 | D:8      | Found a staircase to the Lair.
  6992 | D:8      | Noticed Psyche
  6995 | D:8      | Killed Psyche
  7001 | D:8      | Noticed a two-headed ogre
  7060 | D:8      | Killed a two-headed ogre
  7524 | D:8      | Killed Joseph
  7936 | D:10     | Entered Level 10 of the Dungeon
  7962 | D:10     | Reached XP level 12. HP: 79/79 MP: 16/23
  8459 | D:10     | Noticed budo's ghost (novice FeBe)
  8482 | D:10     | Killed budo's ghost
  8690 | D:11     | Reached ***** piety under Vehumet
  8728 | D:11     | Noticed a death knight
  8801 | D:11     | Offered knowledge of Poison Arrow by Vehumet.
  9227 | D:12     | Reached skill level 1 in Evocations
  9262 | D:12     | Noticed a two-headed ogre
  9293 | D:12     | Killed a two-headed ogre
  9540 | D:12     | Noticed a two-headed ogre
  9553 | D:12     | Killed a two-headed ogre
  9608 | D:12     | Noticed a centaur warrior
  9612 | D:12     | Killed a centaur warrior
  9814 | D:13     | Reached XP level 13. HP: 83/83 MP: 18/25
  9839 | D:13     | Sergey: hello
  9860 | D:13     | 4thArraOfDagon: hey!
  9959 | D:13     | Found a labyrinth entrance.
  9966 | Lab      | Entered a labyrinth
 10316 | Lab      | Noticed a minotaur
 10355 | Lab      | Killed a minotaur
 10355 | Lab      | Offered knowledge of Orb of Destruction by Vehumet.
 10458 | D:13     | inmateoo: renifell, ti sam to igrat budesh hot kogda-to?
 10458 | D:13     | ReniFell: hz, esli vremya budet... ya je s raboti siju v osnovnom tut, inet huyeviy, igrat' problematichno, a spectatit' normalno
 10458 | D:13     | inmateoo: huevo rabotat v 2018
 10458 | D:13     | ReniFell: blya sporu net
 10458 | D:13     | ReniFell: ty i sam ne tak uj chasto igraesh kstati :D
 10458 | D:13     | inmateoo: ya igrau 4asto
 10458 | D:13     | inmateoo: prosto ne v etu igru
 10458 | D:13     | ReniFell: vot i ya toje kogda s raboti prihoju ne osobo hochu nad crawlom zamorachivatsya...
 10656 | D:14     | Found a frozen archway.
 10683 | IceCv    | Entered an ice cave
 10855 | IceCv    | Noticed an ice dragon
 10857 | IceCv    | Noticed an ice dragon
 10857 | IceCv    | Killed an ice dragon
 10861 | IceCv    | Killed an ice dragon
 10923 | IceCv    | Got a coiled copper ring
 10927 | IceCv    | Identified the ring of Teiqeg {+Blink rC+ Str+5} (You found it in an ice cave)
 11031 | D:14     | Found a gate to the Vaults.
 11031 | D:14     | Noticed a vault guard
 11031 | D:14     | Noticed a vault guard
 11031 | D:14     | Noticed a vault guard
 11031 | D:14     | Noticed a vault guard
 11037 | D:14     | Killed a vault guard
 11039 | D:14     | Killed a vault guard
 11040 | D:14     | Killed a vault guard
 11042 | D:14     | Reached XP level 14. HP: 38/90 MP: 17/27
 11153 | D:14     | Found Tillef's Food Shop.
 11201 | D:14     | Learned a level 7 spell: Orb of Destruction
 11299 | D:14     | Noticed Rupert
 11486 | D:15     | Entered Level 15 of the Dungeon
 11785 | D:15     | Reached skill level 10 in Spellcasting
 11793 | D:15     | Offered knowledge of Bolt of Magma by Vehumet.
 11951 | D:15     | Reached skill level 15 in Fire Magic
 12022 | D:15     | Noticed Josephine
 12029 | D:15     | HP: 4/90 [Josephine/vampiric draining (16)]
 12033 | D:15     | Killed Josephine
 12051 | D:15     | :O
 12201 | D:15     | Noticed a frost giant
 12206 | D:15     | Killed a frost giant
 12318 | D:15     | Reached skill level 15 in Conjurations
 12336 | D:14     | Found a sacrificial altar of Ru.
 12482 | Orc:1    | Entered Level 1 of the Orcish Mines
 12644 | Orc:2    | Entered Level 2 of the Orcish Mines
 12684 | Orc:2    | Found Ymeidum's Antique Armour Boutique.
 12787 | Orc:2    | Found a staircase to the Elven Halls.
 13306 | Orc:2    | Reached ****** piety under Vehumet
 13307 | Orc:2    | Reached XP level 15. HP: 43/94 MP: 23/29
 13401 | Orc:2    | Offered knowledge of Iskenderun's Battlesphere by Vehumet.
 13741 | Orc:2    | Found Yxelal's Assorted Antiques.
 13741 | Orc:2    | Found Gigrud's Assorted Antiques.
 13742 | Orc:2    | Found Mycsixyn's Book Shop.
 13742 | Orc:2    | Found Gycrutan's Food Boutique.
 13749 | Orc:2    | Bought a scroll labeled DEIL ICABBIDIK for 22 gold pieces
 13749 | Orc:2    | Bought a scroll labeled NAX OREHOQOUQ for 22 gold pieces
 13749 | Orc:2    | Bought a scroll labeled YPNIKHE IVVUOL for 22 gold pieces
 13749 | Orc:2    | Bought a small pearl amulet for 110 gold pieces
 13749 | Orc:2    | Bought a diamond ring for 110 gold pieces
 13753 | Orc:2    | Bought a scroll labeled FUETEO VUMNO for 34 gold pieces
 13760 | Orc:2    | Learned a level 3 spell: Regeneration
 13766 | Orc:2    | Learned a level 1 spell: Apportation
 13767 | Orc:2    | Identified a scroll of acquirement
 13870 | Elf:1    | Entered Level 1 of the Elven Halls
 14074 | Elf:1    | Noticed Agnes
 14079 | Elf:1    | Killed Agnes
 14169 | Elf:1    | Reached skill level 1 in Charms
 14203 | Elf:1    | Reached skill level 1 in Necromancy
 14204 | Elf:1    | Noticed Louise
 14208 | Elf:1    | Killed Louise
 14412 | Elf:1    | Noticed Nikola
 14616 | Elf:2    | Reached XP level 16. HP: 99/99 MP: 31/31
 14703 | Elf:2    | Found a runed gate.
 14703 | Elf:2    | Found a runed gate.
 14704 | Elf:2    | Found a runed gate.
 14877 | Elf:3    | Entered Level 3 of the Elven Halls
 15036 | Elf:3    | Noticed Donald
 15041 | Elf:3    | Killed Donald
 15043 | Elf:3    | Offered knowledge of Bolt of Fire by Vehumet.
 15222 | Elf:3    | Found Dogoteur's Antique Armour Emporium.
 15462 | Elf:3    | Cast into level 2 of the Abyss (a deep elf demonologist)
 15520 | Abyss:2  | Got a bound tin ring
 15542 | Abyss:2  | Identified the ring of Okhoe {rC- MR++ Dex+2 Slay+3 Stlth-} (You found it on level 2 of the Abyss)
 15568 | Abyss:2  | Found a corrupted altar of Lugonu.
 15653 | Abyss:3  | Gained mutation: Scrolls take you a little longer to read. [a shining eye]
 15699 | Abyss:3  | Found a blossoming altar of Fedhas.
 15851 | Abyss:3  | Found a corrupted altar of Lugonu.
 15896 | Abyss:3  | Reached XP level 17. HP: 105/105 MP: 25/33
 15928 | Abyss:3  | Reached skill level 5 in Stealth
 15994 | Elf:3    | Escaped the Abyss
 15997 | Elf:3    | Noticed an Executioner
 16001 | Elf:3    | Noticed a deep elf blademaster
 16003 | Elf:3    | Noticed a deep elf blademaster
 16013 | Elf:3    | Killed a deep elf blademaster
 16089 | Elf:3    | Noticed a deep elf master archer
 16137 | Elf:3    | Killed a deep elf master archer
 16219 | Elf:3    | Killed a deep elf blademaster
 16314 | Elf:3    | Noticed a deep elf master archer
 16371 | Elf:3    | Killed a deep elf master archer
 16724 | Elf:3    | Learned a level 6 spell: Bolt of Fire
 16779 | Elf:2    | Offered knowledge of Spellforged Servitor by Vehumet.
 17016 | Orc:2    | Bought a shiny shield for 262 gold pieces
 17085 | Orc:2    | Bought a potion of curing for 66 gold pieces
 17085 | Orc:2    | Bought a potion of haste for 220 gold pieces
 17209 | Lair:1   | Entered Level 1 of the Lair of Beasts
 17602 | Lair:2   | Found a staircase to the Swamp.
 18039 | Lair:6   | Entered Level 6 of the Lair of Beasts
 18247 | Lair:5   | Offered knowledge of Iron Shot by Vehumet.
 18253 | Lair:5   | Found a staircase to the Slime Pits.
 18388 | Lair:6   | Reached XP level 18. HP: 82/110 MP: 34/34
 18463 | Lair:6   | Found the +9 sword of Zonguldrok {reap}
 18929 | Lair:4   | Lost mutation: Scrolls take you a little longer to read. [potion of mutation]
 18929 | Lair:4   | Gained mutation: You expend magic power (3 MP) to strengthen your wands. [potion of mutation]
 18929 | Lair:4   | Gained mutation: Scrolls take you a little longer to read. [potion of mutation]
 18929 | Lair:4   | Gained mutation: You can translocate small distances at will. [potion of mutation]
 19114 | Swamp:1  | Entered Level 1 of the Swamp
 19585 | Swamp:2  | Offered knowledge of Lehudib's Crystal Spear by Vehumet.
 19585 | Swamp:2  | Offered knowledge of Fire Storm by Vehumet.
 19585 | Swamp:2  | Offered knowledge of Glaciate by Vehumet.
 19748 | Swamp:2  | Learned a level 9 spell: Fire Storm
 19791 | Swamp:2  | Lost mutation: Scrolls take you a little longer to read. [potion of mutation]
 19791 | Swamp:2  | Lost mutation: You expend magic power (3 MP) to strengthen your wands. [potion of mutation]
 19791 | Swamp:2  | Gained mutation: Your system is resistant to poisons. (rPois) [potion of mutation]
 19791 | Swamp:2  | Gained mutation: Your spells are a little harder to cast, but a little more powerful. [potion of mutation]
 19791 | Swamp:2  | Gained mutation: One of your tentacles bears a spike. [potion of mutation]
 20251 | Swamp:3  | Reached XP level 19. HP: 105/116 MP: 36/36
 20318 | Swamp:4  | Entered Level 4 of the Swamp
 20368 | Swamp:4  | Noticed Mara
 20598 | Swamp:4  | Killed Mara
 20738 | Swamp:4  | Got a decaying rune of Zot
 21160 | Lair:4   | Found a hole to the Spider Nest.
 21172 | Spider:1 | Entered Level 1 of the Spider Nest
 21587 | Spider:2 | Noticed Arachne
 21591 | Spider:2 | Killed Arachne
 21622 | Spider:2 | Noticed Roxanne
 21661 | Spider:2 | Killed Roxanne
 21682 | Spider:2 | Learned a level 6 spell: Statue Form
 21821 | Spider:2 | Noticed p0werm0de's ghost (journeyman DDFi)
 21823 | Spider:2 | Killed p0werm0de's ghost
 21823 | Spider:2 | Reached skill level 1 in Transmutations
 21823 | Spider:2 | Reached skill level 1 in Earth Magic
 21874 | Spider:2 | Reached XP level 20. HP: 121/121 MP: 31/37
 22085 | Spider:3 | Rhok: a wild uv4
 22115 | Spider:3 | Rhok: rare sight
 22242 | Spider:4 | Entered Level 4 of the Spider Nest
 22350 | Spider:4 | o
 22744 | Spider:4 | Reached skill level 5 in Transmutations
 22745 | Spider:4 | Reached skill level 5 in Earth Magic
 22777 | Spider:4 | Got a gossamer rune of Zot
 23117 | Slime:1  | Entered Level 1 of the Pits of Slime
 23136 | Slime:1  | Ultraviolent4: im here for the arra
 23351 | Slime:2  | :O
 23583 | Slime:5  | Entered Level 5 of the Pits of Slime
 23600 | Slime:5  | Reached XP level 21. HP: 98/126 MP: 39/39
 23614 | Slime:5  | Noticed the Royal Jelly
 23617 | Slime:5  | Killed the Royal Jelly
 23707 | Slime:5  | Found the ring of the Octopus King
 23732 | Slime:5  | Reached skill level 15 in Spellcasting
 23759 | Slime:5  | Identified the ring of Gaafys Peank {rPois rF+ rN+} (You found it on level 5 of the Pits of Slime)
 23760 | Slime:5  | Identified the amulet "Gekkyk" {Gourm rPois rF+} (You found it on level 5 of the Pits of Slime)
 23761 | Slime:5  | Identified a ring of the Octopus King {rC+ AC+1 EV+1 Str+1 Int+1 Dex+1} (You found it on level 5 of the Pits of Slime)
 23762 | Slime:5  | Identified the +7 great sword "Goboufe" {slice, rF- rC+ SInv Stlth+} (You found it on level 5 of the Pits of Slime)
 23764 | Slime:5  | Got a slimy rune of Zot
 23794 | Slime:5  | Identified the ring "Fifoid" {+Inv +Fly rF+} (You found it on level 5 of the Pits of Slime)
 23832 | Slime:4  | Reached skill level 10 in Earth Magic
 24076 | Lair:5   | Learned a level 9 spell: Glaciate
 24394 | D:11     | Reached skill level 1 in Ice Magic
 24609 | D:15     | Found a staircase to the Depths.
 24618 | Depths:1 | Entered Level 1 of the Depths
 24868 | Depths:1 | Noticed Aizul
 24869 | Depths:1 | Found a gateway to a ziggurat.
 24872 | Depths:1 | Killed Aizul
 24876 | Depths:1 | Found a one-way gate leading to the halls of Pandemonium.
 24935 | Depths:2 | Noticed Sojobo
 25140 | Depths:1 | Reached skill level 5 in Ice Magic
 25330 | Depths:2 | Killed Sojobo
 25330 | Depths:2 | Reached XP level 22. HP: 132/132 MP: 36/41
 25379 | Depths:2 | Found a gateway to Hell.
 25561 | Depths:2 | Noticed a juggernaut
 25564 | Depths:2 | Found a bloodstained altar of Trog.
 25565 | Depths:2 | Found the cursed necklace of Bloodlust {*Rage +Rage MR++ Int-3 Slay+6 *Curse}
 25632 | Depths:3 | Reached skill level 10 in Ice Magic
 25667 | Depths:2 | Found a transporter.
 26065 | Depths:3 | Found a one-way gate to the infinite horrors of the Abyss.
 26070 | Depths:3 | Reached XP level 23. HP: 136/136 MP: 43/43
 26292 | Depths:3 | Found the +7 Singing Sword
 26301 | Depths:3 | Identified Cehiseops's Disquisition on Creative Unholy Rituals
 26362 | Depths:4 | Noticed a juggernaut
 26376 | Depths:4 | Noticed Frederick
 26377 | Depths:4 | Killed Frederick
 26392 | Depths:4 | Killed a juggernaut
 26393 | Depths:4 | Reached XP level 24. HP: 143/143 MP: 30/43
 26580 | Depths:4 | Noticed a caustic shrike
 26583 | Depths:4 | Killed a caustic shrike
 26683 | Depths:4 | Found the +8 glaive of the Guard {elec, +Rage AC+5 SInv}
 26685 | Depths:4 | Noticed a caustic shrike
 26703 | Depths:4 | Killed a caustic shrike
 26773 | Depths:5 | Entered Level 5 of the Depths
 26847 | Depths:5 | Reached skill level 15 in Ice Magic
 26864 | Depths:5 | Found a gate to the Realm of Zot.
 26917 | Depths:5 | Thaneod: cczemu nic nie mowisz
 26987 | Depths:5 | 4thArraOfDagon: co :)
 26987 | Depths:5 | 4thArraOfDagon: dobra [pstac?
 27002 | Depths:5 | Thaneod: dumpa
 27016 | Depths:5 | 4thArraOfDagon: zaraz zaczynam zigi
 27016 | Depths:5 | Thaneod: #
 27016 | Depths:5 | Thaneod: ##
 27016 | Depths:5 | Thaneod: ###
 27016 | Depths:5 | Thaneod: ####
 27016 | Depths:5 | Thaneod: #####
 27025 | Depths:5 | Learned a level 8 spell: Necromutation
 27028 | Depths:5 | Thaneod: o
 27067 | Depths:4 | Thaneod: może uzbierasz wszystkie ringi osmornicy + trident
 27067 | Depths:4 | 4thArraOfDagon: no, moze sie uda
 27067 | Depths:4 | Thaneod: fajnie log bedzie wygladal:)
 27121 | Zig:1    | Entered Level 1 of a ziggurat
 27137 | Zig:2    | Entered Level 2 of a ziggurat
 27152 | Zig:2    | Reached skill level 5 in Necromancy
 27152 | Zig:2    | Reached XP level 25. HP: 147/147 MP: 44/44
 27156 | Zig:3    | Entered Level 3 of a ziggurat
 27159 | Zig:3    | Noticed a Killer Klown
 27161 | Zig:3    | CatLordWaffles: just in time for some zigs, my lucky day!
 27164 | Zig:3    | Killed a Killer Klown
 27181 | Zig:4    | Entered Level 4 of a ziggurat
 27201 | Zig:5    | Entered Level 5 of a ziggurat
 27208 | Zig:5    | 4thArraOfDagon: not quitly!
 27208 | Zig:5    | 4thArraOfDagon: I have like 10 mins :/
 27215 | Zig:5    | Identified the +1 buckler "Ikkihyme" {rElec rF- rN+} (You found it on level 5 of a ziggurat)
 27225 | Zig:6    | Entered Level 6 of a ziggurat
 27255 | Zig:7    | Entered Level 7 of a ziggurat
 27276 | Zig:7    | Reached skill level 10 in Transmutations
 27276 | Zig:7    | Reached XP level 26. HP: 153/153 MP: 45/45
 27287 | Zig:8    | Entered Level 8 of a ziggurat
 27316 | Zig:9    | Entered Level 9 of a ziggurat
 27332 | Zig:9    | CatLordWaffles: Ah, Life beckons. always next time :)
 27333 | Zig:9    | Reached XP level 27. HP: 158/158 MP: 45/45
 27361 | Zig:9    | Identified the Handbook of Glacial Intoxication
 27366 | Zig:9    | Identified the amulet of Unoim {Acrobat rN+ Str+2} (You found it on level 9 of a ziggurat)
 27379 | Zig:10   | Entered Level 10 of a ziggurat
 27428 | Zig:11   | Entered Level 11 of a ziggurat
 27466 | Zig:11   | Identified the +1 buckler of Wrong Decisions {*Corrode rElec rN++ SInv} (You found it on level 11 of a ziggurat)
 27494 | Zig:11   | Identified the ring of Gaud {+Fly MR+ Str+3 Int+6 Slay-4} (You found it on level 11 of a ziggurat)
 27500 | Zig:11   | Upgraded the game from 0.22-a0-351-g29664b4 to 0.22-a0-352-gc608dd7
 27501 | Zig:12   | Entered Level 12 of a ziggurat
 27536 | Zig:12   | Reached skill level 10 in Necromancy
 27549 | Zig:12   | Learned a level 8 spell: Controlled Blink
 27563 | Zig:13   | Entered Level 13 of a ziggurat
 27573 | Zig:13   | Reached skill level 1 in Translocations
 27624 | Zig:14   | Entered Level 14 of a ziggurat
 27630 | Zig:14   | Noticed Ozxo the pandemonium lord
 27644 | Zig:14   | Noticed Qonas the pandemonium lord
 27649 | Zig:14   | Killed Qonas the pandemonium lord
 27650 | Zig:14   | Noticed Dopno the pandemonium lord
 27653 | Zig:14   | Noticed Poshamurr the pandemonium lord
 27654 | Zig:14   | Killed Dopno the pandemonium lord
 27654 | Zig:14   | Killed Uwinlirr the pandemonium lord
 27656 | Zig:14   | Noticed Xoddaob the pandemonium lord
 27656 | Zig:14   | Killed Xoddaob the pandemonium lord
 27657 | Zig:14   | Killed Poshamurr the pandemonium lord
 27664 | Zig:14   | Killed Ozxo the pandemonium lord
 27665 | Zig:14   | Reached skill level 5 in Translocations
 27731 | Zig:14   | Learned a level 2 spell: Sublimation of Blood
 27732 | Zig:15   | Entered Level 15 of a ziggurat
 27767 | Zig:15   | Identified the ring "Faetia" {rPois rC+ Str+2 Int+4} (You found it on level 15 of a ziggurat)
 27784 | Zig:15   | Identified the Guide on the Noxious Mountains
 27797 | Zig:16   | Entered Level 16 of a ziggurat
 27851 | Zig:16   | Identified the amulet of Noidiw {RegenMP +Inv rElec rC+ Str-5 Dex+2} (You found it on level 16 of a ziggurat)
 27858 | Zig:16   | Identified the Incunabulum of Moulding and Aid
 27867 | Zig:17   | Entered Level 17 of a ziggurat
 27886 | Zig:17   | Noticed Tomox the pandemonium lord
 27886 | Zig:17   | Killed Tomox the pandemonium lord
 27930 | Zig:17   | Identified the +6 flail "Xalerew" {vamp, rN+} (You found it on level 17 of a ziggurat)
 27955 | Zig:17   | Identified the amulet "Lebocleg" {Harm *Drain Fragile rN+ Slay+3} (You found it on level 17 of a ziggurat)
 27968 | Zig:18   | Entered Level 18 of a ziggurat
 27995 | Zig:18   | Noticed an orb of fire
 27999 | Zig:18   | Noticed an orb of fire
 28000 | Zig:18   | Noticed an orb of fire
 28002 | Zig:18   | Killed an orb of fire
 28003 | Zig:18   | Noticed an orb of fire
 28003 | Zig:18   | Killed an orb of fire
 28003 | Zig:18   | Killed an orb of fire
 28003 | Zig:18   | Reached skill level 10 in Translocations
 28004 | Zig:18   | Noticed an orb of fire
 28009 | Zig:18   | Killed an orb of fire
 28010 | Zig:18   | Killed an orb of fire
 28052 | Zig:18   | Identified the ring "Soir" {rElec rPois MR+ Str-4 Stlth+} (You found it on level 18 of a ziggurat)
 28053 | Zig:18   | Identified the Disquisition on Changing and Enhancements
 28122 | Zig:19   | Entered Level 19 of a ziggurat
 28154 | Zig:19   | Found the +2 robe of Vines {NoPotionHeal Regen+7}
 28154 | Zig:19   | Found the +8 autumn katana {slice, Clar}
 28174 | Zig:19   | Identified the amulet of Ditwese {Gourm +Blink} (You found it on level 19 of a ziggurat)
 28181 | Zig:20   | Entered Level 20 of a ziggurat
 28212 | Zig:20   | iamserjio: &dump $p
 28214 | Zig:20   | beem: http://CRAWL.XTAHUA.COM/crawl/morgue/4thArraOfDagon/4thArraOfDagon.txt
 28255 | Zig:20   | p0werm0de: https://www.youtube.com/watch?v=oOoPjRNIbBA
 28258 | Zig:20   | Identified the ring "Ifinal" {rPois rF+ MR+} (You found it on level 20 of a ziggurat)
 28269 | Zig:21   | Entered Level 21 of a ziggurat
 28304 | Zig:21   | Noticed Pounnyde the pandemonium lord
 28306 | Zig:21   | Killed Pounnyde the pandemonium lord
 28348 | Zig:21   | Identified the ring "Amimuhio" {Fire -Tele Int+5 Dex+5} (You found it on level 21 of a ziggurat)
 28355 | Zig:21   | Identified the Catalogue of Toxic Arcane Weapons
 28360 | Zig:21   | Reached skill level 5 in Invocations
 28422 | Zig:21   | Learned a level 8 spell: Death's Door
 28428 | Zig:22   | Entered Level 22 of a ziggurat
 28457 | Zig:22   | Reached skill level 5 in Charms
 28485 | Zig:22   | Killed an ancient lich
 28521 | Zig:22   | Identified the amulet of Kenetuab {RegenMP rN+} (You found it on level 22 of a ziggurat)
 28531 | Zig:22   | Identified the amulet "Jiemniotz" {Inacc Str+2} (You found it on level 22 of a ziggurat)
 28540 | Zig:23   | Entered Level 23 of a ziggurat
 28546 | Zig:23   | Noticed a greater mummy
 28549 | Zig:23   | Noticed a greater mummy
 28552 | Zig:23   | Killed a greater mummy
 28552 | Zig:23   | Reached skill level 10 in Charms
 28553 | Zig:23   | Killed a greater mummy
 28571 | Zig:23   | Noticed a greater mummy
 28573 | Zig:23   | Killed a greater mummy
 28577 | Zig:23   | Noticed a greater mummy
 28578 | Zig:23   | Killed a greater mummy
 28581 | Zig:23   | Noticed a greater mummy
 28581 | Zig:23   | Noticed a greater mummy
 28583 | Zig:23   | Killed a greater mummy
 28583 | Zig:23   | Killed a greater mummy
 28584 | Zig:23   | Noticed a greater mummy
 28584 | Zig:23   | Noticed a greater mummy
 28591 | Zig:23   | Noticed a greater mummy
 28591 | Zig:23   | Killed a greater mummy
 28591 | Zig:23   | Killed a greater mummy
 28593 | Zig:23   | Noticed a greater mummy
 28594 | Zig:23   | Noticed a greater mummy
 28594 | Zig:23   | Killed a greater mummy
 28595 | Zig:23   | Noticed a greater mummy
 28595 | Zig:23   | Killed a greater mummy
 28595 | Zig:23   | Killed a greater mummy
 28599 | Zig:23   | Killed a greater mummy
 28638 | Zig:23   | Found the +8 whip "Snakebite" {curare, rPois}
 28642 | Zig:23   | Identified the Volume of Black Secrets and Shape Shifting
 28657 | Zig:23   | Identified the amulet of the Will of the Gods {Harm *Drain +Inv rN+} (You found it on level 23 of a ziggurat)
 28659 | Zig:23   | Got a brightly glowing iron amulet
 28696 | Zig:23   | Thaneod: dziabaj
 28696 | Zig:23   | Thaneod: do 27?
 28705 | Zig:23   | Learned a level 8 spell: Ignition
 28705 | Zig:23   | 4thArraOfDagon: ok
 28706 | Zig:24   | Entered Level 24 of a ziggurat
 28717 | Zig:24   | Thaneod: nie cgcesz rmsl?
 28718 | Zig:24   | 4thArraOfDagon: eee tam
 28730 | Zig:24   | Noticed a greater mummy
 28732 | Zig:24   | Killed a greater mummy
 28741 | Zig:24   | Noticed a greater mummy
 28741 | Zig:24   | Noticed a greater mummy
 28741 | Zig:24   | Noticed a greater mummy
 28743 | Zig:24   | Noticed a greater mummy
 28743 | Zig:24   | Killed a greater mummy
 28743 | Zig:24   | Killed a greater mummy
 28744 | Zig:24   | Thaneod: zapisales sie na info meeta?
 28745 | Zig:24   | Noticed a greater mummy
 28745 | Zig:24   | Killed a greater mummy
 28746 | Zig:24   | Noticed a greater mummy
 28746 | Zig:24   | Killed a greater mummy
 28748 | Zig:24   | Killed a greater mummy
 28749 | Zig:24   | Noticed a greater mummy
 28749 | Zig:24   | Killed a greater mummy
 28751 | Zig:24   | Noticed a greater mummy
 28751 | Zig:24   | Killed a greater mummy
 28755 | Zig:24   | Noticed a greater mummy
 28755 | Zig:24   | Killed a greater mummy
 28757 | Zig:24   | Killed a greater mummy
 28763 | Zig:24   | Noticed a greater mummy
 28763 | Zig:24   | Killed a greater mummy
 28767 | Zig:24   | Noticed a greater mummy
 28769 | Zig:24   | 4thArraOfDagon: jeszcze nie
 28771 | Zig:24   | 4thArraOfDagon: o
 28771 | Zig:24   | Thaneod: ooo
 28771 | Zig:24   | Thaneod: jeszcze zyjesz
 28771 | Zig:24   | Thaneod: 2 faile
 28771 | Zig:24   | 4thArraOfDagon: aha
 28772 | Zig:24   | 4thArraOfDagon: 3
 28780 | Zig:24   | Killed a greater mummy
 28809 | Zig:24   | Found the +4 robe of Augmentation {Str+4 Int+4 Dex+4}
 28811 | Zig:24   | Found the amulet of Vitality {Regen+ HP+15}
 28838 | Zig:24   | Identified the Incunabulum of Venom and Dark Secrets
 28844 | Zig:24   | Got a shimmering brass ring
 28846 | Zig:24   | Identified the ring of Diachej {rElec rN++ AC+2} (You found it on level 24 of a ziggurat)
 28905 | Zig:25   | Entered Level 25 of a ziggurat
 28934 | Zig:25   | Noticed an ancient lich
 28936 | Zig:25   | Killed an ancient lich
 28936 | Zig:25   | Reached skill level 5 in Shields
 28936 | Zig:25   | Reached skill level 5 in Evocations
 28940 | Zig:25   | Reached skill level 5 in Dodging
 28947 | Zig:25   | Noticed an ancient lich
 28948 | Zig:25   | Killed an ancient lich
 28977 | Zig:25   | Found the +8 demon blade "Leech" {vamp, rN+ AC-3 EV-3}
 28993 | Zig:25   | Identified the amulet "Zoydauqe" {Acrobat rF+} (You found it on level 23 of a ziggurat)
 28998 | Zig:25   | Identified the Handbook of the Venomous Frostbite
 29005 | Zig:25   | Got a smoking bronze ring
 29006 | Zig:25   | Thaneod: invo again:)
 29007 | Zig:25   | Identified the ring of Ephemeral Luck {rF+ EV+4 Int+4} (You found it on level 25 of a ziggurat)
 29014 | Zig:26   | Entered Level 26 of a ziggurat
 29025 | Zig:26   | Killed a juggernaut
 29027 | Zig:26   | Noticed a juggernaut
 29027 | Zig:26   | Noticed a juggernaut
 29027 | Zig:26   | Noticed a juggernaut
 29028 | Zig:26   | Noticed a juggernaut
 29029 | Zig:26   | Killed a juggernaut
 29030 | Zig:26   | Killed a juggernaut
 29031 | Zig:26   | Noticed a juggernaut
 29031 | Zig:26   | Killed a juggernaut
 29032 | Zig:26   | Noticed a juggernaut
 29032 | Zig:26   | Noticed a juggernaut
 29032 | Zig:26   | Killed a juggernaut
 29032 | Zig:26   | Reached skill level 10 in Fighting
 29033 | Zig:26   | Noticed a juggernaut
 29033 | Zig:26   | Killed a juggernaut
 29033 | Zig:26   | Killed a juggernaut
 29033 | Zig:26   | Reached skill level 10 in Evocations
 29034 | Zig:26   | Killed a juggernaut
 29037 | Zig:26   | Noticed a juggernaut
 29037 | Zig:26   | Killed a juggernaut
 29038 | Zig:26   | Noticed a juggernaut
 29039 | Zig:26   | Reached skill level 10 in Dodging
 29041 | Zig:26   | Killed a juggernaut
 29041 | Zig:26   | Killed a juggernaut
 29069 | Zig:26   | Reached skill level 15 in Invocations
 29086 | Zig:26   | Got a bound lead ring
 29088 | Zig:26   | Got a scorched granite ring
 29093 | Zig:27   | Entered Level 27 of a ziggurat
 29205 | Zig:27   | Identified the ring of Faso {rPois rN+ Slay-5 SInv Stlth+} (You found it on level 26 of a ziggurat)
 29214 | Zig:27   | Identified A Beginning Course on Witchery
 29239 | Depths:1 | Thaneod: moar!
 29240 | Depths:1 | 4thArraOfDagon: ok
 29243 | Zig:1    | Entered Level 1 of a ziggurat
 29263 | Zig:2    | Entered Level 2 of a ziggurat
 29266 | Zig:2    | Noticed Cuiptin the pandemonium lord
 29269 | Zig:2    | Killed Cuiptin the pandemonium lord
 29290 | Zig:3    | Entered Level 3 of a ziggurat
 29326 | Zig:3    | Learned a level 9 spell: Shatter
 29327 | Zig:4    | Entered Level 4 of a ziggurat
 29360 | Zig:5    | Entered Level 5 of a ziggurat
 29382 | Zig:6    | Entered Level 6 of a ziggurat
 29422 | Zig:7    | Entered Level 7 of a ziggurat
 29450 | Zig:7    | Identified Sif Muna's Tome of Dusty Transformation
 29453 | Zig:8    | Entered Level 8 of a ziggurat
 29484 | Zig:9    | Entered Level 9 of a ziggurat
 29516 | Zig:9    | Identified the ring "Haemiuj" {+Inv rC+ AC+2 Int+3 Dex+3} (You found it on level 26 of a ziggurat)
 29518 | Zig:9    | Identified Mawar's Reference Book on Burning Dark Rituals
 29525 | Zig:10   | Entered Level 10 of a ziggurat
 29572 | Zig:11   | Entered Level 11 of a ziggurat
 29624 | Zig:12   | Entered Level 12 of a ziggurat
 29665 | Zig:12   | Found the ring of the Octopus King
 29672 | Zig:12   | Identified the ring of Free Will {*Corrode MR+ Int+4 Dex+4} (You found it on level 12 of a ziggurat)
 29675 | Zig:12   | Got a transparent iron ring
 29680 | Zig:12   | Got a ring of the Octopus King
 29684 | Zig:12   | Identified the Grimoire of Focus
 29690 | Zig:12   | Identified a ring of the Octopus King {rN+ AC+1 EV+1 Str+1 Int+1 Dex+1} (You found it on level 12 of a ziggurat)
 29692 | Zig:12   | Identified the ring of Logiuc {rPois rN+ Str+7 Int-2} (You found it on level 12 of a ziggurat)
 29698 | Zig:13   | Entered Level 13 of a ziggurat
 29726 | Zig:13   | Found the +3 robe of Clouds {+Fly rElec}
 29740 | Zig:14   | Entered Level 14 of a ziggurat
 29802 | Zig:14   | Identified the +4 broad axe of Wejosto {holy, *Drain +Blink rPois rC+} (You found it on level 14 of a ziggurat)
 29817 | Zig:15   | Entered Level 15 of a ziggurat
 29828 | Zig:15   | Reached skill level 15 in Evocations
 29831 | Zig:15   | Noticed an ancient lich
 29833 | Zig:15   | Killed an ancient lich
 29833 | Zig:15   | Killed an ancient lich
 29833 | Zig:15   | Reached skill level 15 in Earth Magic
 29834 | Zig:15   | Noticed an ancient lich
 29834 | Zig:15   | Noticed an ancient lich
 29834 | Zig:15   | Killed an ancient lich
 29835 | Zig:15   | Killed an ancient lich
 29885 | Zig:16   | Entered Level 16 of a ziggurat
 29892 | Zig:16   | Reached skill level 15 in Fighting
 29937 | Zig:16   | Found the +0 Maxwell's etheric cage {RegenMP+ *Contam rElec MP+4}
 29953 | Zig:16   | Identified the ring of Syndicalism {rCorr rElec Int-3 Dex+9 Stlth+} (You found it on level 16 of a ziggurat)
 29966 | Zig:17   | Entered Level 17 of a ziggurat
 29974 | Zig:17   | Noticed a juggernaut
 29978 | Zig:17   | Killed a juggernaut
 29981 | Zig:17   | Noticed a juggernaut
 29981 | Zig:17   | Noticed a juggernaut
 29983 | Zig:17   | Killed a juggernaut
 29983 | Zig:17   | Killed a juggernaut
 29983 | Zig:17   | Reached skill level 15 in Dodging
 30008 | Zig:17   | Noticed a juggernaut
 30010 | Zig:17   | Killed a juggernaut
 30011 | Zig:17   | Noticed a juggernaut
 30014 | Zig:17   | Killed a juggernaut
 30016 | Zig:17   | Noticed a juggernaut
 30020 | Zig:17   | Killed a juggernaut
 30063 | Zig:17   | Found the +7 great mace "Firestarter" {inner flame, rF++}
 30075 | Zig:17   | Identified the ring "Joshraubo" {Ice rN+ Str+5} (You found it on level 17 of a ziggurat)
 30118 | Zig:18   | Entered Level 18 of a ziggurat
 30179 | Zig:18   | Identified the ring of the Past {rElec rC+ rN+} (You found it on level 18 of a ziggurat)
 30181 | Zig:18   | Identified the Reference Book on Helpful Sinister Rites
 30191 | Zig:19   | Entered Level 19 of a ziggurat
 30199 | Zig:19   | Noticed a juggernaut
 30200 | Zig:19   | Noticed a juggernaut
 30201 | Zig:19   | Killed a juggernaut
 30202 | Zig:19   | Killed a juggernaut
 30240 | Zig:19   | Identified the ring of Lugonu's Benevolence {rF+ rN+ MP-9 Str+3 Stlth+} (You found it on level 19 of a ziggurat)
 30253 | Zig:19   | Identified Nyufuif's Incunabulum of Floating Contamination
 30264 | Zig:19   | Identified the Tome of the Bewitching Escort
 30272 | Zig:19   | Identified Sif Muna's Disquisition on Cankerous Protection
 30300 | Zig:20   | Entered Level 20 of a ziggurat
 30341 | Zig:20   | Noticed an ancient lich
 30342 | Zig:20   | Killed an ancient lich
 30352 | Zig:20   | Noticed an ancient lich
 30353 | Zig:20   | Killed an ancient lich
 30355 | Zig:20   | Noticed an ancient lich
 30357 | Zig:20   | Killed an ancient lich
 30372 | Zig:20   | Found the +8 trident of the Octopus King {venom, rElec rPois MR+}
 30373 | Zig:20   | Found the transparent robe
 30384 | Zig:20   | Identified the amulet of Muudue {RegenMP *Slow Int+8 Slay+5 SInv} (You found it on level 20 of a ziggurat)
 30397 | Zig:20   | Thaneod: regenmp and +8 int amu
 30420 | Zig:21   | Entered Level 21 of a ziggurat
 30501 | Zig:21   | Found the +4 arc blade {discharge, rElec}
 30530 | Zig:22   | Entered Level 22 of a ziggurat
 30617 | Zig:22   | Identified the ring "Siucorph" {Wiz *Contam rPois Dex+4 Stlth+} (You found it on level 22 of a ziggurat)
 30631 | Zig:23   | Entered Level 23 of a ziggurat
 30700 | Zig:23   | Found the +8 lance "Wyrmbane" {slay drac, rPois rF+ rC+ AC+3}
 30710 | Zig:23   | Identified the ring of Elongia {Wiz *Slow rPois rN+ Dex+3} (You found it on level 23 of a ziggurat)
 30712 | Zig:23   | Identified the ring "Cacido" {-Tele rN+ MR++ Stlth+} (You found it on level 23 of a ziggurat)
 30725 | Zig:24   | Entered Level 24 of a ziggurat
 30794 | Zig:24   | Reached skill level 10 in Stealth
 30834 | Zig:24   | Identified the ring "Foxyl" {Wiz Dex+5} (You found it on level 24 of a ziggurat)
 30848 | Zig:25   | Entered Level 25 of a ziggurat
 30861 | Zig:25   | Reached skill level 15 in Stealth
 30942 | Zig:25   | Identified the ring "Zaveushu" {rCorr Str+7} (You found it on level 25 of a ziggurat)
 30965 | Zig:26   | Entered Level 26 of a ziggurat
 31000 | Zig:26   | Noticed a juggernaut
 31001 | Zig:26   | Killed a juggernaut
 31005 | Zig:26   | Killed a juggernaut
 31008 | Zig:26   | Killed a juggernaut
 31008 | Zig:26   | Reached skill level 10 in Shields
 31012 | Zig:26   | Killed a juggernaut
 31014 | Zig:26   | Killed a juggernaut
 31017 | Zig:26   | Killed a juggernaut
 31076 | Zig:26   | Identified the ring of Owuel {Ice rN+} (You found it on level 26 of a ziggurat)
 31101 | Zig:27   | Entered Level 27 of a ziggurat
 31112 | Zig:27   | Reached skill level 15 in Shields
 31197 | Zig:27   | Identified the Volume of Enchanting Feathers
 31216 | Zig:27   | Identified the Tome of Attacks
 31221 | Zig:27   | Identified the ring "Myjotega" {*Tele rC+ MR- Int+2} (You found it on level 27 of a ziggurat)
 31238 | Zig:27   | Thaneod: flawless victory
 31242 | Depths:1 | 4thArraOfDagon: oh, new icon of tornado
 31242 | Depths:1 | 4thArraOfDagon: bbl!
 31242 | Depths:1 | Upgraded the game from 0.22-a0-352-gc608dd7 to 0.22-a0-353-g2d6336e
 31322 | Vaults:1 | Entered Level 1 of the Vaults
 31572 | Vaults:3 | Noticed Asterion
 31583 | Vaults:3 | Killed Asterion
 31722 | Vaults:4 | Found Doepoej's Gadget Shop.
 31776 | Vaults:5 | Entered Level 5 of the Vaults
 31973 | Vaults:5 | Got a silver rune of Zot
 32145 | Vaults:5 | Identified the +2 hat of the Stallion {Dex+2} (You acquired it on level 5 of the Vaults)
 32327 | Vaults:2 | Found a gateway to a bazaar.
 32347 | Bazaar   | Entered a bazaar
 32349 | Bazaar   | Found Jyuneceg's Antique Weapon Boutique.
 32358 | Bazaar   | Found Meps's Weapon Shoppe.
 32363 | Bazaar   | Found Irarem's Food Shop.
 32368 | Bazaar   | Found Zygef's Food Emporium.
 32445 | Vaults:3 | Found a staircase to the Crypt.
 32459 | Crypt:1  | Entered Level 1 of the Crypt
 32487 | Crypt:2  | Noticed Jory
 32490 | Crypt:2  | Killed Jory
 32500 | Crypt:3  | Entered Level 3 of the Crypt
 32553 | Crypt:3  | Found the +7 sceptre of Torment
 32576 | Crypt:3  | Noticed Margery
 32579 | Crypt:3  | Killed Margery
 32589 | Crypt:3  | Identified the ring "Daudgh" {*Tele +Blink rElec rC+ Int-4} (You took it off Margery on level 3 of the Crypt)
 32684 | Crypt:3  | Found a staircase to the Tomb.
 32697 | Tomb:1   | Entered Level 1 of the Tomb of the Ancients
 32711 | Tomb:1   | Noticed a greater mummy
 32713 | Tomb:1   | Killed a greater mummy
 32729 | Tomb:1   | Noticed a greater mummy
 32733 | Tomb:1   | Killed a greater mummy
 32738 | Tomb:1   | Noticed a greater mummy
 32742 | Tomb:1   | Killed a greater mummy
 32760 | Tomb:1   | Noticed a greater mummy
 32768 | Tomb:1   | Killed a greater mummy
 32823 | Tomb:1   | Noticed a greater mummy
 32828 | Tomb:1   | Killed a greater mummy
 32829 | Tomb:1   | Noticed a greater mummy
 32831 | Tomb:1   | Killed a greater mummy
 32840 | Tomb:1   | Noticed a greater mummy
 32843 | Tomb:1   | Killed a greater mummy
 32919 | Tomb:1   | Noticed a greater mummy
 32926 | Tomb:1   | Killed a greater mummy
 32963 | Tomb:1   | Noticed a greater mummy
 32964 | Tomb:1   | Noticed a greater mummy
 32970 | Tomb:1   | Noticed a greater mummy
 32971 | Tomb:1   | Killed a greater mummy
 32971 | Tomb:1   | Killed a greater mummy
 32972 | Tomb:1   | Killed a greater mummy
 33104 | Tomb:3   | Entered Level 3 of the Tomb of the Ancients
 33136 | Tomb:3   | Noticed a greater mummy
 33138 | Tomb:3   | Noticed a greater mummy
 33139 | Tomb:3   | Noticed a greater mummy
 33140 | Tomb:3   | Killed a greater mummy
 33140 | Tomb:3   | Killed a greater mummy
 33141 | Tomb:3   | Killed a greater mummy
 33142 | Tomb:3   | Noticed a greater mummy
 33142 | Tomb:3   | Noticed a greater mummy
 33144 | Tomb:3   | Killed a greater mummy
 33145 | Tomb:3   | Killed a greater mummy
 33146 | Tomb:3   | Noticed a greater mummy
 33148 | Tomb:3   | Noticed a greater mummy
 33148 | Tomb:3   | Noticed a greater mummy
 33149 | Tomb:3   | Noticed a greater mummy
 33149 | Tomb:3   | Killed a greater mummy
 33150 | Tomb:3   | Killed a greater mummy
 33150 | Tomb:3   | Killed a greater mummy
 33152 | Tomb:3   | Killed a greater mummy
 33223 | Tomb:3   | Got a golden rune of Zot
 33236 | Tomb:3   | Found the brooch of Shielding {Reflect SH+8}
 33236 | Tomb:3   | Found the +9 staff of Wucad Mu {channel}
 33249 | Tomb:3   | Identified the ring of Ascent {*Tele rPois Str+7 Int-4} (You found it on level 3 of the Tomb of the Ancients)
 33250 | Tomb:3   | Identified the ring "Pihiqase" {rPois rC+ Int+3} (You found it on level 3 of the Tomb of the Ancients)
 33252 | Tomb:3   | Thaneod: wucad mu
 33579 | Zig:1    | Entered Level 1 of a ziggurat
 33596 | Zig:2    | Entered Level 2 of a ziggurat
 33610 | Zig:3    | Entered Level 3 of a ziggurat
 33627 | Zig:3    | Found the +0 mask of the Dragon {MR+ Slay+3 SInv}
 33632 | Zig:4    | Entered Level 4 of a ziggurat
 33656 | Zig:5    | Entered Level 5 of a ziggurat
 33682 | Zig:5    | Identified the Incunabulum of Feathery Poisoning
 33690 | Zig:6    | Entered Level 6 of a ziggurat
 33715 | Zig:7    | Entered Level 7 of a ziggurat
 33750 | Zig:8    | Entered Level 8 of a ziggurat
 33793 | Zig:9    | Entered Level 9 of a ziggurat
 33802 | Zig:9    | Noticed Voses the pandemonium lord
 33806 | Zig:9    | Killed Voses the pandemonium lord
 33810 | Zig:9    | Found the +7 lajatang of Order {silver, rMut}
 33820 | Zig:10   | Entered Level 10 of a ziggurat
 33856 | Zig:11   | Entered Level 11 of a ziggurat
 33877 | Zig:11   | Found the +4 skin of Zhor {rC+++}
 33877 | Zig:11   | Found the +10 dark maul {crush}
 33902 | Zig:11   | Identified Viog's Volume of Intoxication and Black Rituals
 33907 | Zig:12   | Entered Level 12 of a ziggurat
 33933 | Zig:12   | Found the +2 shield of Resistance {rF+ rC+ MR+}
 33959 | Zig:13   | Entered Level 13 of a ziggurat
 33967 | Zig:13   | Noticed Cidiythreu the pandemonium lord
 33967 | Zig:13   | Noticed Tofufif the pandemonium lord
 33969 | Zig:13   | Noticed Jyehen the pandemonium lord
 33971 | Zig:13   | Noticed Fadweiqi the pandemonium lord
 33971 | Zig:13   | Killed Tofufif the pandemonium lord
 33972 | Zig:13   | Noticed Uzxomaoh the pandemonium lord
 33972 | Zig:13   | Killed Cidiythreu the pandemonium lord
 33973 | Zig:13   | Noticed Nissilil the pandemonium lord
 33979 | Zig:13   | Killed Fadweiqi the pandemonium lord
 33980 | Zig:13   | Noticed Evuw the pandemonium lord
 33981 | Zig:13   | Noticed Rupytowk the pandemonium lord
 33984 | Zig:13   | Killed Uzxomaoh the pandemonium lord
 33984 | Zig:13   | Killed Evuw the pandemonium lord
 33984 | Zig:13   | Killed Rupytowk the pandemonium lord
 33985 | Zig:13   | Killed Jyehen the pandemonium lord
 33986 | Zig:13   | Killed Nissilil the pandemonium lord
 34079 | Zig:14   | Entered Level 14 of a ziggurat
 34089 | Zig:14   | jacquesderrida: ASS!
 34110 | Zig:14   | Noticed Arod the pandemonium lord
 34113 | Zig:14   | Killed Arod the pandemonium lord
 34157 | Zig:14   | Found the +4 dagger "Morg" {pain, MR+ Int+5}
 34165 | Zig:14   | Identified the +1 buckler of Sin {Int+4} (You found it on level 14 of a ziggurat)
 34177 | Zig:15   | Entered Level 15 of a ziggurat
 34228 | Zig:16   | Entered Level 16 of a ziggurat
 34265 | Zig:16   | Identified the +5 eveningstar of the Hand {freeze, MR+} (You found it on level 16 of a ziggurat)
 34272 | Zig:16   | Identified the cursed ring "Xetz" {rF- AC-3 Str+9} (You found it on level 16 of a ziggurat)
 34277 | Zig:17   | Entered Level 17 of a ziggurat
 34307 | Zig:17   | Noticed an ancient lich
 34307 | Zig:17   | Killed an ancient lich
 34325 | Zig:17   | Found the cursed +14 obsidian axe {chop, +Fly SInv *Curse}
 34370 | Zig:18   | Entered Level 18 of a ziggurat
 34421 | Zig:18   | Identified the amulet "Ytoakla" {Inacc rC+ MP+9 Dex+4} (You found it on level 18 of a ziggurat)
 34430 | Zig:19   | Entered Level 19 of a ziggurat
 34447 | Zig:19   | zkyp: pj octopode so cute
 34480 | Zig:19   | Found the +9 heavy crossbow "Sniper" {velocity, Acc+∞ SInv}
 34480 | Zig:19   | Found the +10 morningstar "Eos" {elec, Halo rElec}
 34499 | Zig:20   | Entered Level 20 of a ziggurat
 34518 | Zig:20   | jacquesderrida: DA
 34558 | Zig:20   | Identified the amulet of the Jackalope {Gourm SInv} (You found it on level 20 of a ziggurat)
 34563 | Zig:21   | Entered Level 21 of a ziggurat
 34578 | Zig:21   | Noticed an ancient lich
 34578 | Zig:21   | Killed an ancient lich
 34578 | Zig:21   | Killed an ancient lich
 34578 | Zig:21   | Reached skill level 15 in Necromancy
 34583 | Zig:21   | Noticed an ancient lich
 34586 | Zig:21   | Killed an ancient lich
 34593 | Zig:21   | Noticed an ancient lich
 34594 | Zig:21   | Noticed an ancient lich
 34594 | Zig:21   | Killed an ancient lich
 34595 | Zig:21   | Killed an ancient lich
 34597 | Zig:21   | Noticed an ancient lich
 34597 | Zig:21   | Noticed an ancient lich
 34598 | Zig:21   | Killed an ancient lich
 34599 | Zig:21   | Killed an ancient lich
 34621 | Zig:21   | Found the +5 pair of quick blades "Gyre" and "Gimble" {pierce, Dex-3}
 34621 | Zig:21   | Found the +15 Maxwell's patent armour {-Cast -Tele rElec MR+ rCorr}
 34625 | Zig:21   | Identified Sif Muna's Tome of Poison and the Glacier
 34632 | Zig:21   | Identified the ring "Lyezxih" {*Corrode AC+5 Str+2 Slay+3} (You found it on level 21 of a ziggurat)
 34641 | Zig:22   | Entered Level 22 of a ziggurat
 34673 | Zig:22   | Noticed Wyhalum the pandemonium lord
 34679 | Zig:22   | Killed Wyhalum the pandemonium lord
 34720 | Zig:23   | Entered Level 23 of a ziggurat
 34756 | Zig:23   | Paralysed by accursed screaming for 2 turns
 34866 | Zig:23   | Identified the amulet "Ceelily" {Inacc rF+ MR+} (You found it on level 23 of a ziggurat)
 34867 | Zig:23   | Identified the ring "Fafutrah" {Int+4 Stlth-} (You found it on level 23 of a ziggurat)
 34876 | Zig:24   | Entered Level 24 of a ziggurat
 34928 | Zig:24   | Upgraded the game from 0.22-a0-353-g2d6336e to 0.22-a0-354-g30dfbe6
 34982 | Zig:24   | Found the +5 demon whip "Spellbinder" {antimagic, MR+}
 35005 | Zig:25   | Entered Level 25 of a ziggurat
 35110 | Zig:25   | Noticed Jeerion the pandemonium lord
 35111 | Zig:25   | Killed Jeerion the pandemonium lord
 35120 | Zig:25   | Gained mutation: You tend to lose your temper in combat. [a neqoxec]
 35124 | Zig:25   | Lost mutation: You tend to lose your temper in combat. [a neqoxec]
 35128 | Zig:25   | HP: 4/235 [gelid black sun/long sword (10)]
 35128 | Zig:25   | Slain by a neqoxec

Vault maps used:
D:1:      sevenhm_arrival_forest_fort_large_4
D:2:      old_standard_altar, dancing_weapons_uskayaw, first_ration
D:3:      nicolae_overflow_hidden_temple, uniq_ijyb, uniq_robin
D:4:      grunt_temple_overflow_growth_and_decay, nicolae_ashenzari_panopticon
D:5:      nemelex_xobeh_ov_fountains_minmay, minmay_temple_entry_poolview
D:6:      lemuel_blue_sif_altar, okawaru_metal_pillars_1_2, uniq_blork_the_orc
D:7:      kennysheep_mini_moat, lemuel_coloured_pillars_altar
D:8:      dpeg_lair_monsters, grunt_ministairs_14, hangedman_misty_isle,
          uniq_pikel, uniq_psyche, uniq_joseph
D:9:      minmay_the_grid_triangle_9x9_rhombus_full,
          nicolae_gozag_cash_rules_everything_around_me, hangedman_fish_farm
D:11:     regret_index_bee_streams
D:12:     special_room
D:13:     lab_entry_generic
D:14:     lightli_vaults_fourway_checkpoint, nicolae_ru_awakened_eye,
          serial_shops, shop, portal_ice_cave_rime, uniq_rupert
D:15:     grunt_enter_depths_snipers, minmay_misc_feat_doors, uniq_josephine
Temple:   dpeg_chambers_temple
Lair:1:   grunt_megastairs_2, lemuel_fruit_fields
Lair:2:   swamp_mist_pool, grunt_megastairs_3
Lair:3:   kennysheep_abandoned_house, lemuel_fruit_fields
Lair:4:   spider_nest_entry_web_field
Lair:5:   minmay_slime_entry_pillars, grunt_megastairs_1,
          infiniplex_staircase_pool_2
Lair:6:   grunt_lair_end_beastmaster, minivault_25
Swamp:1:  evilmike_swamp_ruin_house_6, swamp_pool2, cheibrodos_swamp_kobolds
Swamp:2:  nicolae_swamp_trees_clearing, swamp_pool3, st_swamp_ruins_4
Swamp:3:  serial_swamp_ruin, hangedman_swamp_ruin_hall,
          evilmike_swamp_ruin_house_2, evilmike_swamp_ruin_rubble_2,
          infiniplex_staircase_pool
Swamp:4:  swamp_alternative, uniq_mara
Spider:2: uniq_arachne, uniq_roxanne
Spider:4: floodkiller_spider_rune_tomb, einodemon_crawler_minivault
Orc:2:    st_orc_pillars, serial_shops, nicolae_shop_behind_doors
Elf:1:    elf_arrival_001, hangedman_elven_crosses_minicolossus, uniq_louise,
          uniq_agnes, uniq_nikola
Elf:2:    uniq_jorgrun
Elf:3:    elf_hall, serial_shops, shop, minmay_misc_feat_pillars, uniq_donald
Vaults:1: hangedman_vaults_hat, vaults_room_ringed_pool,
          nicolae_vaults_inception_corners, nicolae_vaults_theta, v_misc_11,
          v_misc_13, ontoclasm_vaults_idyll, ontoclasm_vaults_decontamination,
          hangedman_vaults_snaps, hangedman_vaults_stagger,
          nicolae_vaults_yaktaur_gun_rack, vaults_mumra_chevron
Vaults:2: v_pattern_1, hangedman_vaults_trim, nicolae_vaults_specimen_jars,
          nicolae_vaults_little_squares_4, nicolae_vaults_ring_of_whatevers,
          v_misc_3, nicolae_vaults_little_squares_4,
          nicolae_vaults_little_squares_3, v_misc_24, serial_shops,
          bzr_entry_dummy
Vaults:3: stair_cage_open, v_misc_27, hangedman_vaults_restitches,
          nicolae_vaults_little_squares_4, ontoclasm_vaults_shuriken,
          nicolae_vaults_big_angled_halls, v_misc_5, blue_anna_dwarven_crypt,
          v_misc_25, serial_shops, shop, uniq_asterion
Vaults:4: nicolae_vaults_minivaults, ontoclasm_vaults_chip, v_alt_pattern_2,
          hangedman_vaults_nails, v_alt_pattern_4, v_rooms_5, v_misc_10,
          nicolae_vaults_network_star, vaults_room_mumra_shop_pool,
          v_alt_pattern_4, vaults_room_door_ring, v_misc_24, uniq_bai_suzhen
Crypt:1:  gammafunk_the_bubble, lemuel_mausoleum_altar_yredelemnul
Crypt:2:  gammafunk_crypt_yreds_forest, weyrava_vampire_temple, uniq_jory
Crypt:3:  church_of_pain_bobbens, nicolae_tomb_entry_unfolded_pyramid_diagonal,
          uniq_margery
Depths:1: enter_ziggurat_c, lightli_too_deep, pan_entry, hangedman_glass_teeth,
          minmay_variable_closet, grunt_decor_cap, hex_large,
          kennysheep_generic_room_12, uniq_aizul
Depths:2: emtedronai_trogs_sanctum, hell_entry, nicolae_twisting_strands,
          uniq_sojobo
Depths:3: lemuel_river_lethe, pan_entry, abyss_entry, hell_entry
Depths:4: minmay_guarded_unrand_guard, hell_entry, dk_noncrumbling_4,
          abyss_entry, uniq_frederick
Depths:5: grunt_zot_entry_alcove, pf_coc_iceberg
Abyss:2:  lemuel_flamethrower_3
Abyss:3:  evilmike_abyss_exit_16, hangedman_abyss_stitches_cave
Zig:8:    ziggurat_pillar_centre_dead_trees
Zig:10:   ziggurat_pillar_centre_c
Zig:16:   ziggurat_pillar_centre_smoke
Zig:17:   ziggurat_pillar_centre_drop
Zig:20:   ziggurat_pillar_centre_oklobs
Zig:22:   ziggurat_pillar_centre_more_plants
Lab:      labyrinth_spiral, nicolae_lab_plus, nicolae_lab_x,
          labyrinth_skeletal_remains
Bazaar:   bazaar_kb_twisted_cavern
IceCv:    ice_cave_small_dragons

Skill      XL: |  1  2  3  4  5  6  7  8  9 10 11 12 13 14 15 16 17 18 19 20 21 22 23 24 25 26 27 |
---------------+----------------------------------------------------------------------------------+-----
Conjurations   | 2 3 8 9 10 11 12 14 15 16 17 18 19 20 | 20.0
Fire Magic     | 4 9 10 11 12 13 14 15 16 17 18 19 20 | 20.2
Spellcasting   | 3 5 6 7 8 9 10 11 12 13 14 15 16 17 18 26 | 26.0
Fighting       | 4 5 6 26 | 26.0
Dodging        | 4 26 | 26.0
Shields        | 2 4 26 | 26.0
Evocations     | 3 4 26 | 26.0
Charms         | 4 10 | 10.1
Necromancy     | 4 5 7 23 | 23.1
Stealth        | 4 9 26 | 26.0
Transmutations | 1 7 8 10 14 | 14.5
Earth Magic    | 1 7 10 16 | 16.0
Ice Magic      | 7 11 13 15 24 | 24.1
Translocations | 14 | 14.9
Invocations    | 25 | 25.0

Action                   |  1- 3 |  4- 6 |  7- 9 | 10-12 | 13-15 | 16-18 | 19-21 | 22-24 | 25-27 || total
-------------------------+-------+-------+-------+-------+-------+-------+-------+-------+-------++-------
Melee: Mace              |    23 |    20 |   132 |       |       |       |       |       |       ||   175
       Constrict         |     8 |     5 |    42 |    37 |    18 |     3 |     3 |       |     3 ||   119
       Tentacles         |     1 |     3 |    25 |    20 |    12 |     3 |    11 |       |     9 ||    84
       Spear             |       |       |    20 |   231 |       |       |       |       |       ||   251
       Staff             |       |       |       |    15 |    61 |    14 |    34 |       |    37 ||   161
       Kick              |       |       |       |       |       |       |     6 |       |    20 ||    26
Throw: Throwing net      |       |       |       |     1 |       |       |       |       |       ||     1
 Cast: Flame Tongue      |    30 |    19 |    94 |   175 |    65 |       |       |       |       ||   383
       Conjure Flame     |       |     2 |     7 |    43 |    20 |       |       |       |       ||    72
       Sticky Flame      |       |     1 |    17 |    53 |    42 |    31 |    30 |       |       ||   174
       Fireball          |       |       |     7 |    40 |   264 |   390 |   228 |    49 |     9 ||   987
       Orb of Destructio |       |       |       |       |     5 |    95 |    67 |    30 |    24 ||   221
       Regeneration      |       |       |       |       |     4 |    29 |    23 |     7 |   118 ||   181
       Apportation       |       |       |       |       |       |     2 |    38 |     2 |    85 ||   127
       Fire Storm        |       |       |       |       |       |     1 |   121 |    93 |   757 ||   972
       Statue Form       |       |       |       |       |       |       |     3 |    14 |     6 ||    23
       Shatter           |       |       |       |       |       |       |       |       |   529 ||   529
       Glaciate          |       |       |       |       |       |       |       |       |   121 ||   121
       Sublimation of Bl |       |       |       |       |       |       |       |       |    77 ||    77
       Necromutation     |       |       |       |       |       |       |       |       |    39 ||    39
       Ignition          |       |       |       |       |       |       |       |       |    28 ||    28
       Death's Door      |       |       |       |       |       |       |       |       |     6 ||     6
       Controlled Blink  |       |       |       |       |       |       |       |       |     5 ||     5
 Abil: End Transformatio |       |       |       |       |       |       |       |     1 |    27 ||    28
Evoke: Wand              |       |       |     2 |     8 |     8 |     2 |     3 |     2 |     4 ||    29
       Staff of energy   |       |       |       |       |       |       |       |       |    86 ||    86
       Staff of Wucad Mu |       |       |       |       |       |       |       |       |    29 ||    29
       Box of beasts     |       |       |       |       |       |       |       |       |     3 ||     3
       Figurine of a zig |       |       |       |       |       |       |       |       |     2 ||     2
  Use: Scroll            |     1 |     2 |     6 |     5 |     7 |    25 |     9 |     4 |    66 ||   125
       Potion            |       |     4 |     5 |     2 |     1 |     6 |       |     2 |    51 ||    71
 Stab: Sleeping          |       |     1 |     7 |     3 |       |       |       |       |       ||    11
       Paralysed         |       |       |       |     5 |       |       |       |       |       ||     5
  Eat: Chunk             |       |       |    17 |    22 |    42 |    41 |    62 |    23 |     8 ||   215
       Ration            |       |       |       |     3 |     6 |     6 |    12 |    10 |    13 ||    50
Armor: Skin              |     7 |     4 |    10 |    11 |     8 |     6 |    74 |    65 |    19 ||   204
Dodge: Dodged            |    34 |    16 |   143 |    95 |    76 |    42 |   160 |    58 |   288 ||   912
Block: Shield            |       |       |    11 |    69 |    58 |    39 |       |       |   176 ||   353
       Buckler           |       |       |       |       |       |       |       |       |    22 ||    22

Table legend:
 A = Spawn XP
 B = Non-spawn XP
 C = Spawn XP percentage of total XP
 D = Spawn monster count
 E = Non-spawn monster count
 F = Spawn count percentage of total count
 G = Total turns spent on level
                    A         B        C        D         E        F      G
               +---------+---------+-------+---------+---------+-------+---------
         Total |    5036 | 5505313 |   0.1 |      11 |    5825 |   0.2 | 35128
               +---------+---------+-------+---------+---------+-------+---------
           D:1 |       0 |      31 |   0.0 |       0 |      19 |   0.0 |   580
           D:2 |       0 |      78 |   0.0 |       0 |      21 |   0.0 |   571
           D:3 |       0 |     428 |   0.0 |       0 |      45 |   0.0 |  1053
           D:4 |       0 |     254 |   0.0 |       0 |      16 |   0.0 |   612
           D:5 |       0 |     493 |   0.0 |       0 |      11 |   0.0 |   781
           D:6 |       0 |    1533 |   0.0 |       0 |      38 |   0.0 |   923
           D:7 |       0 |    1647 |   0.0 |       0 |      34 |   0.0 |   888
           D:8 |       0 |    7526 |   0.0 |       0 |      37 |   0.0 |  1237
           D:9 |       0 |    4943 |   0.0 |       0 |      32 |   0.0 |  1389
          D:10 |       0 |     919 |   0.0 |       0 |       7 |   0.0 |   717
          D:11 |       0 |    5493 |   0.0 |       0 |      55 |   0.0 |   658
          D:12 |       0 |   11035 |   0.0 |       0 |      61 |   0.0 |   874
          D:13 |       0 |    7449 |   0.0 |       0 |      26 |   0.0 |   445
          D:14 |       0 |   11449 |   0.0 |       0 |      26 |   0.0 |   648
          D:15 |       0 |   21300 |   0.0 |       0 |      43 |   0.0 |   908
        Lair:1 |       0 |    2714 |   0.0 |       0 |       8 |   0.0 |   238
        Lair:2 |       0 |    2307 |   0.0 |       0 |      13 |   0.0 |   504
        Lair:3 |       0 |    1819 |   0.0 |       0 |      22 |   0.0 |   415
        Lair:4 |       0 |    3352 |   0.0 |       0 |      11 |   0.0 |   381
        Lair:5 |       0 |    5244 |   0.0 |       0 |      21 |   0.0 |   418
        Lair:6 |       0 |   16561 |   0.0 |       0 |      47 |   0.0 |   548
       Swamp:1 |       0 |   12634 |   0.0 |       0 |      32 |   0.0 |   319
       Swamp:2 |       0 |   25946 |   0.0 |       0 |      58 |   0.0 |   456
       Swamp:3 |       0 |   28179 |   0.0 |       0 |      59 |   0.0 |   589
       Swamp:4 |       0 |   35954 |   0.0 |       0 |      56 |   0.0 |   344
      Spider:1 |       0 |   15913 |   0.0 |       0 |      54 |   0.0 |   388
      Spider:2 |       0 |   26919 |   0.0 |       0 |      65 |   0.0 |   502
      Spider:3 |       0 |    5871 |   0.0 |       0 |      13 |   0.0 |   319
      Spider:4 |       0 |   41894 |   0.0 |       0 |     103 |   0.0 |   638
       Slime:1 |       0 |    7983 |   0.0 |       0 |      14 |   0.0 |    95
       Slime:2 |       0 |   13459 |   0.0 |       0 |      18 |   0.0 |   219
       Slime:3 |       0 |   11614 |   0.0 |       0 |      20 |   0.0 |   118
       Slime:4 |       0 |    8139 |   0.0 |       0 |      11 |   0.0 |   209
       Slime:5 |       0 |   48962 |   0.0 |       0 |      44 |   0.0 |   307
         Orc:1 |       0 |    1468 |   0.0 |       0 |      14 |   0.0 |   254
         Orc:2 |       0 |   13801 |   0.0 |       0 |      82 |   0.0 |  1299
         Elf:1 |       0 |   19244 |   0.0 |       0 |      26 |   0.0 |   675
         Elf:2 |       0 |   32866 |   0.0 |       0 |      49 |   0.0 |   555
         Elf:3 |       0 |   67143 |   0.0 |       0 |      64 |   0.0 |  1359
      Vaults:1 |       0 |   41744 |   0.0 |       0 |      52 |   0.0 |   311
      Vaults:2 |       0 |   46350 |   0.0 |       0 |      77 |   0.0 |   136
      Vaults:3 |       0 |   52030 |   0.0 |       0 |      64 |   0.0 |   228
      Vaults:4 |       0 |   14052 |   0.0 |       0 |      25 |   0.0 |   145
      Vaults:5 |       0 |  174482 |   0.0 |       0 |     158 |   0.0 |   437
       Crypt:2 |       0 |   17396 |   0.0 |       0 |      18 |   0.0 |    34
       Crypt:3 |       0 |   40134 |   0.0 |       0 |      62 |   0.0 |   210
        Tomb:1 |       0 |   70638 |   0.0 |       0 |      23 |   0.0 |   367
        Tomb:2 |       0 |    8175 |   0.0 |       0 |      16 |   0.0 |   129
        Tomb:3 |       0 |  101022 |   0.0 |       0 |      87 |   0.0 |   166
      Depths:1 |       0 |   33066 |   0.0 |       0 |      42 |   0.0 |   717
      Depths:2 |       0 |   45192 |   0.0 |       0 |      60 |   0.0 |   516
      Depths:3 |       0 |   54262 |   0.0 |       0 |     105 |   0.0 |   595
      Depths:4 |       0 |   73610 |   0.0 |       0 |      62 |   0.0 |   457
      Depths:5 |       0 |   53338 |   0.0 |       0 |      44 |   0.0 |   257
       Abyss:2 |     650 |    2090 |  23.7 |       1 |       4 |  20.0 |   166
       Abyss:3 |    4386 |    2531 |  63.4 |      10 |      10 |  50.0 |   366
         Zig:1 |       0 |    3978 |   0.0 |       0 |      11 |   0.0 |    53
         Zig:2 |       0 |   14132 |   0.0 |       0 |      16 |   0.0 |    60
         Zig:3 |       0 |   19941 |   0.0 |       0 |      24 |   0.0 |    84
         Zig:4 |       0 |   27453 |   0.0 |       0 |      22 |   0.0 |    77
         Zig:5 |       0 |   33398 |   0.0 |       0 |      36 |   0.0 |    80
         Zig:6 |       0 |   30245 |   0.0 |       0 |      44 |   0.0 |    95
         Zig:7 |       0 |   51092 |   0.0 |       0 |      55 |   0.0 |    98
         Zig:8 |       0 |   50455 |   0.0 |       0 |      68 |   0.0 |   103
         Zig:9 |       0 |   84069 |   0.0 |       0 |      61 |   0.0 |   131
        Zig:10 |       0 |   71612 |   0.0 |       0 |      71 |   0.0 |   132
        Zig:11 |       0 |   85792 |   0.0 |       0 |      83 |   0.0 |   176
        Zig:12 |       0 |   74428 |   0.0 |       0 |     113 |   0.0 |   188
        Zig:13 |       0 |  149303 |   0.0 |       0 |      92 |   0.0 |   223
        Zig:14 |       0 |  163017 |   0.0 |       0 |     106 |   0.0 |   283
        Zig:15 |       0 |  174718 |   0.0 |       0 |     104 |   0.0 |   184
        Zig:16 |       0 |  125429 |   0.0 |       0 |     183 |   0.0 |   200
        Zig:17 |       0 |  272174 |   0.0 |       0 |     131 |   0.0 |   346
        Zig:18 |       0 |  201705 |   0.0 |       0 |     198 |   0.0 |   287
        Zig:19 |       0 |  188804 |   0.0 |       0 |     218 |   0.0 |   237
        Zig:20 |       0 |  224141 |   0.0 |       0 |     210 |   0.0 |   272
        Zig:21 |       0 |  305791 |   0.0 |       0 |     187 |   0.0 |   347
        Zig:22 |       0 |  292081 |   0.0 |       0 |     215 |   0.0 |   292
        Zig:23 |       0 |  268213 |   0.0 |       0 |     342 |   0.0 |   416
        Zig:24 |       0 |  362557 |   0.0 |       0 |     301 |   0.0 |   451
        Zig:25 |       0 |  362794 |   0.0 |       0 |     240 |   0.0 |   349
        Zig:26 |       0 |  289995 |   0.0 |       0 |     151 |   0.0 |   215
        Zig:27 |       0 |  215885 |   0.0 |       0 |     234 |   0.0 |   282
           Lab |       0 |    2055 |   0.0 |       0 |       5 |   0.0 |   413
         IceCv |       0 |    5380 |   0.0 |       0 |      20 |   0.0 |   298
               +---------+---------+-------+---------+---------+-------+---------
